 Dungeon Crawl Stone Soup version 0.30.1-9-gdf580d7c3d (webtiles) character file.

Game seed: 11411252838610034196

4710020 Nonny the Meteorologist (level 27, 115/188 HPs)
             Began as a Tengu Air Elementalist on Sept 29, 2023.
             Was an Initiate of Gozag.
             Escaped with the Orb
             ... and 8 runes on Oct 2, 2023!
             The game lasted 14:50:24 (113758 turns).

Nonny the Meteorologist (Tengu Air Elementalist)  Turns: 113758, Time: 14:50:24

Health: 115/188    AC: 17    Str: 14    XL:     27
Magic:  7/44       EV: 23    Int: 35    God:    Gozag
Gold:   5894       SH: 32    Dex: 17    Spells: 8/80 levels left

rFire   + + +        a - staff of air "Coun" {rElec Int+3}
rCold   + . .        U - +2 tower shield {reflect}
rNeg    + + .        o - +5 robe of Night {Dark Will+ SInv}
rPois   .            Z - +2 hat {Int+3}
rElec   +            J - scarf of Gyoshrali {repulsion, Regen+}
rCorr   +            f - +2 pair of gloves of Sin {rF+ Int+5}
SInv    +            (boots unavailable)
Will    +++..        g - amulet "Wahieb" {rC+ Regen+}
Stlth   ++           C - ring "Goedooch" {rN++ AC+4 Str+4 Int-4}
HPRegen 2.11/turn    X - ring "Ydwaisse" {rF++ rCorr Int+2 SInv}
MPRegen 0.29/turn

%: repel missiles, reflection
@: brilliant, flying quickly and evasively, hasted, studying 4 skills, very
quick
A: beak, talons 3, nimble flight, large bone plates 1, low MP 2, mutation
resistance 1, teleportitis 1, wild magic 2, inability to drink after injury 1
0: Orb of Zot
}: 8/15 runes: serpentine, barnacled, slimy, silver, icy, abyssal, magical, dark
a: Renounce Religion, Potion Petition, Call Merchant, Bribe Branch


You escaped.
You worshipped Gozag.
Gozag was greatly pleased with you.
You visited 15 branches of the dungeon, and saw 70 of its levels.
You visited Pandemonium 1 time, and saw 11 of its levels.
You visited the Abyss 11 times.
You also visited: Trove, Sewer, Bailey and Ice Cave.

You collected 51188 gold pieces.
You spent 14667 gold pieces at shops.
You paid 30627 gold pieces to Gozag.

Inventory:

Missiles
 i - 10 throwing nets
Armour
 f - the +2 pair of gloves of Sin (worn) {rF+ Int+5}
   (You bought it in a shop on level 2 of the Elven Halls)

   Int:       It affects your intelligence (+5).
   rF:        It protects you from fire.
 o - the +5 robe of Night (worn) {Dark Will+ SInv}
   (You found it on level 5 of the Pits of Slime)

   Dark:      It shrouds the wearer in darkness, reducing the range at which
   they can see and be seen by others.
   SInv:      It lets you see invisible.
   Will:      It increases your willpower.
 B - a +4 troll leather armour
 J - the scarf of Gyoshrali (worn) {repulsion, Regen+}
   (You acquired it on level 12 of the Dungeon)

   Regen:     It increases your rate of health regeneration.
 U - a +2 tower shield of reflection (worn)
 Z - a +2 hat of intelligence (worn)
Magical Staves
 a - the staff of air "Coun" (weapon) {rElec Int+3}
   (You found it on level 4 of the Shoals)

   [staff of air]

   Base accuracy: +5 Base damage: 5 Base attack delay: 1.2 This weapon's minimum
   attack delay (0.6) is reached at skill level 12.
   Int:       It affects your intelligence (+3).
   rElec:     It insulates you from electricity.
   It falls into the 'Staves' category.
   It is a one-handed weapon.
 D - the staff of death "Pash" {rElec rN+ rCorr Str+8}
   (You found it on level 4 of the Snake Pit)

   [staff of death]

   Base accuracy: +5 Base damage: 5 Base attack delay: 1.2 This weapon's minimum
   attack delay (0.6) is reached at skill level 12.
   Str:       It affects your strength (+8).
   rElec:     It insulates you from electricity.
   rN:        It protects you from negative energy.
   rCorr:     It protects you from acid and corrosion.
   It falls into the 'Staves' category.
   It is a one-handed weapon.
 V - the staff of fire "Setzifya" {rF+ Will++ Str+5 Stlth-}
   (You found it on level 3 of the Elven Halls)

   [staff of fire]

   Base accuracy: +5 Base damage: 5 Base attack delay: 1.2 This weapon's minimum
   attack delay (0.6) is reached at skill level 12.
   Str:       It affects your strength (+5).
   rF:        It protects you from fire.
   Will:      It greatly increases your willpower.
   Stlth:     It makes you less stealthy.
   It falls into the 'Staves' category.
   It is a one-handed weapon.
Jewellery
 c - the ring "Rip Xoz" {rC++ rCorr MP+9 Slay+5}
   (You acquired it on level 13 of the Dungeon)

   [ring of magical power]

   Slay:      It affects your accuracy & damage with ranged weapons and melee
   (+5).
   rC:        It greatly protects you from cold.
   MP:        It affects your magic capacity (+9).
   rCorr:     It protects you from acid and corrosion.
 g - the amulet "Wahieb" (around neck) {rC+ Regen+}
   (You took it off a deep elf death mage on level 3 of the Elven Halls)

   [amulet of regeneration]

   rC:        It protects you from cold.
   Regen:     It increases your rate of health regeneration.
 h - the ring of Makhleb, Disbelieving {Fly rC+ rN+ Str-5 Int+3}
   (You took it off a purple draconian on level 1 of the Realm of Zot)

   [ring of protection from cold]

   Str:       It affects your strength (-5).
   Int:       It affects your intelligence (+3).
   rC:        It protects you from cold.
   rN:        It protects you from negative energy.
   Fly:       It grants you flight.
 C - the ring "Goedooch" (left hand) {rN++ AC+4 Str+4 Int-4}
   (You found it in a treasure trove)

   [ring of protection]

   AC:        It affects your AC (+4).
   Str:       It affects your strength (+4).
   Int:       It affects your intelligence (-4).
   rN:        It greatly protects you from negative energy.
 T - the ring of the Tarantula {Fly rPois rC+}
   (You bought it in a shop on level 3 of the Shoals)

   [ring of flight]

   rC:        It protects you from cold.
   rPois:     It protects you from poison.
   Fly:       It grants you flight.
 X - the ring "Ydwaisse" (right hand) {rF++ rCorr Int+2 SInv}
   (You took it off a merfolk aquamancer on level 4 of the Shoals)

   [ring of see invisible]

   Int:       It affects your intelligence (+2).
   rF:        It greatly protects you from fire.
   SInv:      It lets you see invisible.
   rCorr:     It protects you from acid and corrosion.
Wands
 d - a wand of digging (10)
 j - a wand of mindburst (16)
 s - a wand of iceblast (86)
 x - a wand of polymorph (70)
 y - a wand of charming (79)
 L - a wand of flame (176)
 Y - a wand of acid (39)
Scrolls
 b - a scroll of blinking
 p - 7 scrolls of teleportation
 r - a scroll of fog
 z - 15 scrolls of fear
 N - 2 scrolls of amnesia
 Q - 10 scrolls of immolation
 R - 13 scrolls of poison
Potions
 k - 2 potions of heal wounds
 l - 27 potions of curing
 n - 8 potions of brilliance
 q - 5 potions of cancellation
 t - 6 potions of haste
 v - a potion of invisibility
 w - 2 potions of mutation
 F - 12 potions of might
 M - 5 potions of berserk rage
 O - 3 potions of resistance
Miscellaneous
 e - a box of beasts (inert)
 m - a condenser vane
 E - a lightning rod (4/4)
 K - a phantom mirror
 W - a phial of floods


   Skills:
 + Level 23.3 Fighting
 - Level 7.0 Staves
 - Level 11.3 Armour
 - Level 12.0 Dodging
 - Level 12.0 Stealth
 O Level 27 Shields
 O Level 27 Spellcasting
 O Level 27 Conjurations
 - Level 0.3 Translocations
 - Level 1.0 Transmutations
 - Level 12.0 Fire Magic
 - Level 5.0 Ice Magic
 O Level 27 Air Magic
 - Level 5.0 Earth Magic
 - Level 12.4 Evocations


You had 8 spell levels left.
You knew the following spells:

 Your Spells              Type           Power      Damage    Failure   Level
a - Shock                 Conj/Air       100%       1d9       1%          1
b - Static Discharge      Conj/Air       100%       2-7/arc   1%          2
c - Airstrike             Air            100%       2d(15-31) 1%          4
d - Plasma Beam           Fire/Air       95%        2x1d125   1%          6
e - Mephitic Cloud        Conj/Pois/Air  100%       N/A       1%          3
f - Freezing Cloud        Conj/Ice/Air   95%        6-21      1%          5
g - Poisonous Vapours     Pois/Air       100%       N/A       1%          2
h - Swiftness             Air            100%       N/A       1%          3
i - Ignite Poison         Fire/Tmut/Pois 100%       N/A       1%          3
j - Passwall              Tmut/Erth      87%        N/A       1%          2
k - Arcjolt               Conj/Air       100%       1d110     1%          5
l - Olgreb's Toxic Radia  Pois           85%        N/A       11%         4
m - Apportation           Tloc           100%       N/A       2%          1
n - Chain Lightning       Conj/Air       100%       3d133     3%          9
o - Lehudib's Crystal Sp  Conj/Erth      77%        10d17     11%         8
p - Iron Shot             Conj/Erth      77%        9d14      1%          6
q - Ignition              Fire           71%        3d19      36%         8

Your spell library contained the following spells:

 Spells                   Type           Power      Damage    Failure   Level
 Foxfire                  Conj/Fire      100%       2x1d9     1%          1
 Freeze                   Ice            100%       1d10      1%          1
 Kiss of Death            Conj/Necr      100%       2d13      1%          1
 Magic Dart               Conj           100%       1d8       1%          1
 Sandblast                Erth           100%       2d20      1%          1
 Cigotuvi's Dreadful Rot  Necr/Pois/Air  100%       N/A       1%          2
 Ensorcelled Hibernation  Hex/Ice        100%       N/A       1%          2
 Scorch                   Fire           100%       2d9       1%          2
 Frozen Ramparts          Ice            100%       1d16      1%          3
 Hailstorm                Conj/Ice       100%       3d20      1%          3
 Inner Flame              Hex/Fire       100%       N/A       1%          3
 Stone Arrow              Conj/Erth      100%       3d13      1%          3
 Vhi's Electric Charge    Tloc/Air       100%       N/A       1%          3
 Volatile Blastmotes      Fire/Tloc      100%       2d18      1%          3
 Flame Wave               Conj/Fire      100%       2d21      1%          4
 Fulminant Prism          Conj/Hex       74%        3d29      1%          4
 Sticky Flame             Conj/Fire      100%       2d11      1%          4
 Fireball                 Conj/Fire      82%        3d30      1%          5
 Irradiate                Conj/Tmut      74%        3d36      1%          5
 Iskenderun's Battlesphe  Conj           100%       2d15      1%          5
 Silence                  Hex/Air        87%        N/A       1%          5
 Starburst                Conj/Fire      82%        6d21      1%          6
 Necrotise                Necr           100%       1d9       2%          1
 Slow                     Hex            100%       N/A       2%          1
 Sting                    Tmut/Pois      100%       1d8       2%          1
 Summon Small Mammal      Summ           100%       N/A       2%          1
 Wereblood                Tmut           93%        N/A       2%          2
 Call Imp                 Summ           100%       N/A       3%          2
 Sublimation of Blood     Necr           85%        N/A       3%          2
 Confusing Touch          Hex            85%        N/A       4%          3
 Portal Projectile        Hex/Tloc       100%       N/A       4%          3
 Tukima's Dance           Hex            85%        N/A       4%          3
 Vampiric Draining        Necr           85%        2d12      4%          3
 Ice Form                 Ice/Tmut       100%       N/A       4%          4
 Petrify                  Tmut/Erth      100%       N/A       4%          4
 Spellforged Servitor     Conj/Summ      74%        N/A       4%          7
 Summon Ice Beast         Ice/Summ       100%       N/A       5%          4
 Lee's Rapid Deconstruct  Erth           57%        3d27*     5%          5
 Manifold Assault         Tloc           87%        N/A       10%         4
 Passage of Golubria      Tloc           87%        N/A       10%         4
 Anguish                  Hex/Necr       42%        N/A       11%         4
 Cause Fear               Hex            42%        N/A       11%         4
 Dispel Undead            Necr           85%        3d27      11%         4
 Borgnjor's Vile Clutch   Necr/Erth      50%        N/A       11%         5
 Metabolic Englaciation   Hex/Ice        50%        N/A       11%         5
 Blade Hands              Tmut           46%        N/A       17%         5
 Alistair's Intoxication  Tmut/Pois      59%        N/A       21%         5
 Yara's Violent Unravell  Hex/Tmut       44%        3d17      21%         5
 Summon Forest            Summ/Tloc      43%        N/A       22%         5
 Agony                    Necr           85%        N/A       24%         5
 Summon Mana Viper        Hex/Summ       85%        N/A       24%         5
 Statue Form              Tmut/Erth      70%        N/A       34%         6
 Ozocubu's Refrigeration  Ice            57%        4d20      61%         7
 Eringya's Noxious Bog    Tmut/Pois      44%        N/A       65%         6
 Dispersal                Tloc           43%        N/A       67%         6
 Death Channel            Necr           42%        N/A       71%         6
 Summon Cactus Giant      Summ           42%        N/A       71%         6
 Dragon Form              Tmut           46%        N/A       98%         7
 Enfeeble                 Hex            42%        N/A       99%         7
 Malign Gateway           Summ/Tloc      43%        N/A       99%         7
 Monstrous Menagerie      Summ           42%        N/A       99%         7
 Summon Hydra             Summ           42%        N/A       99%         7
 Borgnjor's Revivificati  Necr           42%        N/A       100%        8
 Discord                  Hex            42%        N/A       100%        8
 Disjunction              Tloc           43%        N/A       100%        8
 Summon Horrible Things   Summ           42%        N/A       100%        8
 Dragon's Call            Summ           42%        N/A       100%        9
 Polar Vortex             Ice            57%        N/A       100%        9
 Shatter                  Erth           57%        3d43*     100%        9
 Simulacrum               Ice/Necr       Unusable   N/A       N/A         6

Dungeon Overview and Level Annotations

Branches:
Dungeon (15/15)            Temple (1/1) D:4            Lair (5/5) D:11
 Shoals (4/4) Lair:2        Snake (4/4) Lair:3        Slime (5/5) Lair:5
    Orc (2/2) D:10            Elf (3/3) Orc:2        Vaults (5/5) D:13
  Crypt (3/3) Vaults:2       Tomb (0/3) Crypt:3      Depths (4/4) D:15
   Hell (visited)             Dis (0/7) Hell            Geh (6/7) Hell
    Coc (7/7) Hell            Tar (0/7) Hell            Zot (5/5) Depths:4
  Sewer (visited)          Bailey (visited)           IceCv (visited)

Altars:
Ashenzari
Cheibriados
Dithmenos
Elyvilon
Fedhas
Gozag
Hepliaklqana
Kikubaaqudgha
Makhleb
Nemelex Xobeh
Okawaru
Qazlal
Ru
Sif Muna
Trog
Uskayaw
Vehumet
Wu Jian
Xom
Yredelemnul
Zin
The Shining One
Jiyva

Shops:
D:1 :   D:2 :   D:11 ([*   D:13 =?[*[*   Orc:1 [(   Orc:2 [=!*==:(
Elf:2 *(![?   Elf:3 ?   Lair:5 =   Shoals:3 =   Vaults:2 [   Vaults:4 ?(
Vaults:5 (

Portals:
Hell: Depths:1 Depths:2 Depths:3 Depths:4
Abyss: Depths:2 Depths:3 Depths:4
Pandemonium: Depths:2 Depths:4
Ziggurat: Depths:4

Annotations:
D:11 Josephine
D:15 3 runed translucent doors, exclusion: 3 doors, BuzzardItera's ghost, journeyman MiBe
Snake:3 exclusion: downstairs
Crypt:2 1 exclusion
Depths:4 exclusion: 4 draconian stormcallers


Innate Abilities, Weirdness & Mutations

You have a beak for a mouth.
You have claws for feet.
Your magical nature lets you fly swiftly and evasively.
You are partially covered in large bone plates. (SH +4)
Your magical capacity is very low. (-20% MP)
You are somewhat resistant to further mutation.
You are occasionally teleported next to monsters.
Your spells are harder to cast, but more powerful.
You occasionally lose the ability to drink potions when taking damage.


Message History

You feel very sick. Amnipah hits you!!
You feel your power leaking away.
Unknown command.
Unknown command.
Casting: Iron Shot (mildly dangerous; 1% risk of failure)
Confirm with . or Enter, or press ? or * to list all spells.
Aiming: Lehudib's Crystal Spear (dangerous; 11% risk of failure)
Press: ? - help, Shift-Dir - straight line, f/p - Amnipah
Aim: Amnipah, armed with a chaotic touch (almost dead, 85% to hit)
You feel a surge of power!
The crystal spear hits Amnipah!!!
You kill Amnipah!
You feel sick.
Unknown command.
Unknown command.
You feel sick.
You now have 6157 gold pieces (gained 42).
You feel sick.
You feel sick.
You feel sick.
There is an open door here.
You feel sick.
You now have 6174 gold pieces (gained 17).
You feel sick.
You feel sick.
There is an open door here. [a] - 280 gold - haste and brilliance [b] - 390 gold - heal wounds, curing and berserk rage [c] - 420 gold - heal wounds, curing, berserk rage, might and brilliance Purchase which effect?
You feel yourself speed up.
You feel more clever all of a sudden.
You feel sick.
You are no longer poisoned.
Your magical contamination has completely faded away.
There is a staircase leading out of the dungeon here.
Okay, then.
Okay, then.
You open the lid... ...and a mature oxbat beast flies out!
The box is emptied!
You have escaped!

...#............#####.....#
####.####.####.###.##.....#
#.##......#.....####.###
#.).....###.#.#.####.##
#.>.....#.........##..#
#.....###.#.#.#.#.###.#
#########......#.#.......#
.........#.#.###.###.#.###
##########.....H@......#
##.#.###.###.#.##
#......#.#......#
####.#.#.#.#.####
#.........# ###.#.#.#####
#.....#...# ######
#.###.###.#
######....####.....###.#


You could see a friendly mature oxbat beast (summoned).

Vanquished Creatures
  Antaeus (Coc:7)
  the Royal Jelly (Slime:5)
  Lom Lobon (Pan)
  the Serpent of Hell (Coc:7)
  An ancient lich (Vaults:5)
  3 dread liches
  2 orbs of fire
  2 juggernauts (Depths:4)
  Sojobo (Vaults:1)
  Frederick (Vaults:2)
  Saint Roka (Orc:2)
  A shard shrike (shapeshifter) (Vaults:5)
  18 shard shrikes
  3 Killer Klowns
  Vv (Zot:1)
  A curse toe (Zot:4)
  Xtahua (Vaults:5)
  Geryon (Hell)
  2 caustic shrikes
  6 pandemonium lords
  2 profane servitors
  5 golden dragons
  the Enchantress (Depths:4)
  Nikola (Depths:1)
  3 bone dragons
  3 Brimstone Fiends
  4 Tzitzimimeh
  7 hellephants
  2 Hell Sentinels (Pan)
  5 electric golems
  12 tentacled monstrosities
  Asterion (Vaults:2)
  16 Orb Guardians
  5 searing wretches
  21 Ice Fiends
  10 quicksilver dragons
  A tainted leviathan (Hell)
  2 deep elf blademasters (Elf:3)
  2 deep elf master archers (Elf:3)
  14 liches
  A walking divine tome (Depths:1)
  14 titans
  The ghost of Giugae the Severer, an adept FoCK of Xom (Elf:1)
  A walking frostbound tome (Depths:3)
  20 acid blobs
  Gastronok (Lair:2)
  2 ancient champions
  Frances (Shoals:2)
  The ghost of Xysitod the Demonic Mishap, an adept DsWr of Qazlal (Snake:4)
  4 death cobs
  13 Executioners (Pan)
  Polyphemus (Shoals:2)
  6 sphinxes
  34 tentacled starspawn
  8 nagarajas
  12 storm dragons
  Kirke (Lair:5)
  6 revenants
  13 tengu reavers
  Ilsuiw (Shoals:2)
  10 shadow dragons
  9 rockslimes
  Roxanne (Shoals:3)
  10 draconian knights
  7 deep elf sorcerers
  9 demonspawn warmongers
  17 azure jellies
  19 vault wardens
  5 draconian monks
  13 narguns
  4 iron dragons
  7 draconian scorchers
  17 fire giants
  13 frost giants
  4 ghost moths
  9 balrugs
  7 ghouls
  4 demonspawn corrupters
  6 draconian shifters
  10 cacodemons
  10 shard shrike simulacra
  An orc warlord (Vaults:2)
  3 curse skulls
  7 draconian stormcallers
  11 draconian annihilators
  A caustic shrike skeleton (Pan)
  22 ironbound preservers
  3 deep elf elementalists (Elf:3)
  6 spriggan defenders
  5 ironbound thunderhulks
  A juggernaut skeleton (Pan)
  19 stone giants
  11 reapers
  3 demonspawn blood saints (Pan)
  10 quicksilver oozes
  A quicksilver ooze (shapeshifter) (Depths:2)
  An ophan (Abyss:3)
  A war gargoyle (Hell)
  10 vampire knights
  7 green draconians
  10 black draconians
  A demonspawn black sun (Pan)
  3 deep elf demonologists
  29 elemental wellsprings
  23 very ugly things
  26 purple draconians
  5 putrid mouths (Hell)
  10 red draconians
  17 wendigos
  6 lorocyprocas
  5 white draconians
  10 spark wasps
  13 yellow draconians
  A bunyip (Abyss:3)
  9 dire elephants
  10 deep elf annihilators
  10 eidola
  Snorg (Orc:2)
  6 green deaths
  7 blizzard demons
  13 deep elf death magi
  4 merfolk javelineers
  A crystal guardian (Vaults:4)
  7 merfolk impalers
  18 ettins
  2 spectral quicksilver dragons (Crypt:3)
  8 jiangshi
  2 entropy weavers
  An iron golem (Depths:1)
  10 fire dragons
  2 great orbs of eyes (shapeshifter)
  6 spectral spriggans (Crypt:3)
  3 spriggan zombies
  11 great orbs of eyes
  A quicksilver dragon skeleton (Crypt:2)
  2 deep elf high priests
  14 ice dragons
  11 rakshasas
  12 yaktaur captains
  Erolcha (D:13)
  6 salamander tyrants
  28 vault guards (Vaults:5)
  8 spriggan air magi
  2 merfolk avatars
  The ghost of mkat the Trooper, a journeyman DsBe of Trog (Lair:2)
  3 hell beasts
  16 caustic shrike simulacra
  A peacekeeper (Vaults:4)
  2 ogre magi
  10 juggernaut simulacra
  2 spriggan skeletons (Pan)
  25 centaur warriors
  10 ironbound frosthearts
  A bennu zombie (Crypt:3)
  A death knight (Crypt:3)
  7 hydras
  15 anacondas
  8 two-headed ogres
  4 catoblepae
  3 stokers
  2 boulder beetles
  3 death yaks (Shoals:2)
  7 merfolk aquamancers (Shoals:4)
  2 alligator snapping turtles (Shoals:4)
  10 vampire magi
  32 thrashing horrors
  13 deep troll shamans
  A satyr (shapeshifter) (Depths:4)
  10 tengu warriors
  3 satyrs
  9 shock serpents
  22 naga warriors
  5 orc high priests (Orc:2)
  An alligator (shapeshifter) (Vaults:5)
  37 dancing weapons
  20 hell hogs
  16 deep troll earth magi
  13 naga sharpshooters
  A titan zombie (Crypt:2)
  A shock serpent (shapeshifter) (Vaults:5)
  8 spriggan berserkers
  A storm dragon zombie (Crypt:2)
  4 spectral storm dragons (Crypt:3)
  Urug (D:10)
  A fire crab (Lair:5)
  29 hell knights
  4 skysharks
  12 sun demons
  14 soul eaters
  Nergalle (Lair:1)
  11 shadow wraiths
  30 deep elf knights
  11 sixfirhies
  A cherub (D:1)
  2 salamander mystics
  28 skeletal warriors
  17 wretched stars
  83 deep trolls
  15 iron trolls
  A sea snake (shapeshifter) (Vaults:5)
  18 sea snakes
  3 spectral anacondas (Crypt:3)
  13 flayed ghosts
  10 shadow demons
  4 quicksilver dragon simulacra
  55 large abominations
  An iron giant skeleton (Abyss:2)
  13 naga ritualists
  18 ironbound convokers
  14 lindwurms
  22 phantasmal warriors
  6 wizards
  14 deep elf archers
  37 starcursed masses
  6 harpies
  A goliath frog zombie (Crypt:1)
  7 orc knights
  An orb spider (Abyss:3)
  A bog body (Crypt:2)
  25 deep elf zephyrmancers
  10 glowing orange brains
  10 mana vipers
  14 spriggan simulacra
  37 deep elf pyromancers
  11 necromancers
  A wolf spider (shapeshifter) (Vaults:5)
  An anaconda skeleton (Pan)
  2 sphinx zombies
  2 orc sorcerers
  2 wolf spiders (Lair:5)
  11 salamanders
  4 oklob plants
  26 ugly things
  11 fauns
  12 cyclopes
  5 will-o-the-wisps
  6 shining eyes
  A mana viper (shapeshifter) (Elf:3)
  A manticore (shapeshifter) (Vaults:5)
  A spectral fire dragon (Crypt:3)
  3 worldbinders
  14 manticores
  2 spectral centaurs (Crypt:3)
  An elephant (shapeshifter) (Abyss:2)
  2 spectral alligator snapping turtles (Crypt:3)
  10 merfolk sirens
  A stone giant skeleton (Abyss:3)
  9 elephants
  7 titan simulacra
  13 vault sentinels
  A fire giant skeleton (Crypt:1)
  The ghost of mainiacjoe the Shooter, a novice NaHu of Hepliaklqana (D:6)
  12 demonic crawlers
  2 centaur zombies
  9 rust devils
  20 moths of wrath
  20 naga magi
  A dire elephant zombie (Abyss:1)
  A frost giant skeleton (Vaults:1)
  6 water nymphs
  8 guardian serpents
  2 ice statues (IceCv)
  5 apocalypse crabs
  5 eyes of devastation
  53 smoke demons
  An emperor scorpion simulacrum (Abyss:1)
  A green draconian zombie (Crypt:3)
  The ghost of lonewolfV2 the Covered, a novice FoFi (D:4)
  4 centaur skeletons
  66 black mambas
  15 cane toads
  A cane toad (shapeshifter) (Depths:2)
  4 molten gargoyles (Hell)
  7 hellions
  3 gargoyles
  16 orange demons
  A yaktaur zombie (Vaults:1)
  2 naga skeletons (Pan)
  An alligator snapping turtle zombie (Abyss:3)
  Maggie (D:10)
  A yellow draconian zombie (Crypt:1)
  An iron troll zombie (Crypt:3)
  26 freezing wraiths
  A human skeleton (Vaults:1)
  A storm dragon simulacrum (Crypt:3)
  A dire elephant skeleton (Pan)
  9 komodo dragons
  7 unseen horrors
  4 anaconda simulacra
  3 bunyip simulacra
  2 kobold demonologists
  6 tengu conjurers
  7 tormentors
  3 rime drakes
  36 yaktaurs
  3 golden dragon simulacra
  5 efreet
  An iron giant simulacrum (Coc:5)
  5 ice devils
  An unseen horror skeleton (Crypt:3)
  4 red devils
  A spectral harpy (Crypt:3)
  19 ancient zymes
  A silent spectre (Abyss:4)
  A harpy zombie (Crypt:1)
  2 spectral nagas (Crypt:3)
  17 hellwings
  A pale draconian skeleton (Crypt:2)
  7 trolls
  5 harpy skeletons
  8 polar bears
  A tarantella (Vaults:3)
  6 hornets
  28 merfolk
  6 meliai
  A tarantella (shapeshifter) (Abyss:3)
  7 wind drakes
  33 raiju
  Grinder (D:3)
  2 iron dragon simulacra
  5 snapping turtles
  18 blink frogs
  A jumping spider zombie (Crypt:3)
  30 dream sheep
  4 stone giant simulacra
  174 slime creatures
  12 flying skulls
  An ice dragon skeleton (Crypt:3)
  Sigmund (D:3)
  2 vampires
  17 water elementals
  7 spriggans (Depths:4)
  4 air elementals
  12 wraiths
  2 fire dragon skeletons
  5 shadows
  23 ynoxinuls
  8 dire elephant simulacra
  3 fire bats (Abyss:4)
  A black mamba skeleton (Pan)
  2 naga simulacra
  Eustachio (D:4)
  36 small abominations
  16 wyverns
  8 hogs
  4 basilisks
  A wind drake skeleton (Crypt:1)
  21 golden eyes
  5 fire elementals
  6 redbacks
  Grum (D:9)
  45 yaks
  An unseen horror simulacrum (D:9)
  5 steam dragons
  14 chaos spawn
  Edmund (D:4)
  13 vampire mosquitoes
  27 neqoxecs
  2 swamp worms (D:9)
  2 wargs (Orc:1)
  Menkaure (D:6)
  12 harpy simulacra
  69 nagas
  5 acid dragons
  2 hydra simulacra
  23 water moccasins
  Duvessa (D:6)
  2 floating eyes (Depths:4)
  A cane toad skeleton (Crypt:1)
  43 orc warriors
  2 sky beasts (D:8)
  4 ice beasts
  A swamp dragon zombie (Crypt:3)
  3 great orb of eyes simulacra (IceCv)
  A merfolk simulacrum (Coc:2)
  2 black bears (shapeshifter)
  6 ettin simulacra
  A black mamba simulacrum (Coc:1)
  3 black bears
  3 ogres
  15 wolves
  6 centaurs
  3 slime creature simulacra (IceCv)
  18 kobold brigands
  10 scorpions
  3 necrophages (Crypt:3)
  2 gnoll sergeants
  19 bullfrogs
  2 scorpions (shapeshifter) (Abyss:2)
  2 glowing shapeshifter simulacra (IceCv)
  A wight (D:9)
  Dowan (D:6)
  11 killer bees
  4 electric eels
  A polar bear skeleton (Crypt:2)
  5 howler monkeys
  A shapeshifter skeleton (Crypt:1)
  3 quasits
  23 orc priests
  3 hounds
  16 jellies
  4 iron imps
  A sleepcap (D:4)
  2 iguanas (D:7)
  Natasha (thrice) (D:4)
  24 orc wizards
  6 hell rats
  A shapeshifter simulacrum (IceCv)
  A sky beast zombie (Crypt:1)
  A tengu zombie (Crypt:3)
  A deep dwarf zombie (Crypt:2)
  A hound zombie (D:4)
  Robin (Temple)
  8 gnolls
  A gnoll (shapeshifter) (Abyss:2)
  12 adders
  15 river rats
  3 shadow imps
  4 white imps
  10 ufetubi
  An adder zombie (D:4)
  A jelly zombie (Crypt:3)
  3 worms
  3 dart slugs
  74 orcs
  15 ball pythons
  A ball python (shapeshifter) (Abyss:2)
  6 bats
  A bat zombie (Crypt:1)
  28 endoplasms
  A giant cockroach (shapeshifter) (Abyss:2)
  5 giant cockroaches
  16 goblins
  6 hobgoblins
  4 jackals (D:2)
  34 kobolds
  A quokka (D:5)
  5 frilled lizards
  A kobold (shapeshifter) (Abyss:2)
  8 rats
  4 creeping infernos
  15 fire vortices
  A foxfire (Abyss:6)
  5 lurking horrors
  27 starspawn tentacles
3870 creatures vanquished.

Vanquished Creatures (collateral kills)
  Gloorx Vloq (Pan)
  A golden dragon (Vaults:5)
  A shadow dragon (Vaults:5)
  An ironbound preserver (Vaults:5)
  A quicksilver ooze (IceCv)
  A vault guard (Vaults:5)
  3 slime creatures (IceCv)
9 creatures vanquished.

Vanquished Creatures (others)
  Jorgrun (Shoals:3)
  A nargun (Coc:2)
  A shard shrike simulacrum (Coc:6)
  An elemental wellspring (Coc:6)
  A deep elf annihilator (Pan)
  A wendigo (Coc:7)
  A yaktaur captain (Vaults:3)
  A rakshasa (Pan)
  4 caustic shrike simulacra
  A juggernaut simulacrum (Coc:7)
  A stoker (Geh:2)
  A spatial maelstrom (Abyss:6)
  2 spriggan simulacra
  A deep elf zephyrmancer (Elf:1)
  A worldbinder (Abyss:3)
  A titan simulacrum (Coc:3)
  An anaconda simulacrum (Coc:7)
  An iron giant simulacrum (Coc:7)
  A raiju (Abyss:6)
  A large abomination (Pan)
  A dire elephant simulacrum (Coc:4)
  2 small abominations
  A kobold (D:7)
  9 ball lightnings (Pan)
  17 foxfires
  A lurking horror (Abyss:3)
  73 starspawn tentacles
128 creatures vanquished.

Grand Total: 4007 creatures vanquished

Notes
Turn   | Place    | Note
-------+----------+-------------------------------------------
     0 | D:1      | Nonny the Tengu Air Elementalist began the quest for the
                  | Orb.
     0 | D:1      | Reached XP level 1. HP: 10/10 MP: 4/4
   104 | D:1      | Reached XP level 2. HP: 15/15 MP: 1/6
   111 | D:1      | Learned a level 2 spell: Static Discharge
   215 | D:1      | Starting Vault: plus sign
   234 | D:1      | Found Ycyxzoc's Vocational Training.
   248 | D:1      | The shop contains manuals of Evocations and Invocations.
                  | They're both over 1k gold.
   315 | D:1      | Found a faded altar of an unknown god.
   334 | D:1      | Faded altar vault: little hallway with died up fountains.
                  | It is in the northwest, and can only be accessed from
                  | western hallways.
   388 | D:1      | Staff of fire in western chamber.
   432 | D:1      | Reached skill level 5 in Air Magic
   660 | D:1      | Reached XP level 3. HP: 19/19 MP: 4/7
   770 | D:2      | cyan potion - heal wounds
   770 | D:2      | HULIEBBA YZXY - identify
   771 | D:2      | green potion - attraction
   772 | D:2      | PUTYWI LUD TOT - teleportation
   774 | D:2      | Found Waroil's Book Emporium.
   786 | D:2      | rCorr ring near shop and uphatch
   827 | D:2      | Book of the Tundra, southeast of book shop
   956 | D:2      | white potion - ambrosa
  1183 | D:2      | Identified the +1 robe "Fyonohej" {*Corrode Dex+5 Archmagi}
  1256 | D:2      | Reached XP level 4. HP: 24/24 MP: 2/8
  1264 | D:2      | Learned a level 4 spell: Airstrike
  1305 | D:2      | emerald potion - curing
  1624 | D:3      | Noticed Sigmund
  1805 | D:3      | Noticed Grinder
  2019 | D:4      | JUEHEOGOGI - fog
  2020 | D:4      | QOREIM JEMA - brand weapon
  2021 | D:4      | XEXTABLOIL - blinking
  2022 | D:4      | UTAM KAISIOT - enchant weapon
  2207 | D:4      | Found a runed translucent gate.
  2207 | D:4      | Found a runed translucent gate.
  2207 | D:4      | Found a runed translucent gate.
  2207 | D:4      | Noticed lonewolfV2's ghost (novice FoFi)
  2208 | D:4      | Noticed a steam dragon
  2218 | D:4      | yellow potion - degeneration
  2229 | D:4      | Found a staircase to the Ecumenical Temple.
  2241 | D:4      | Noticed a scorpion
  2242 | D:4      | Temple entrance: deep water oval
  2243 | Temple   | Entered the Ecumenical Temple
  2271 | Temple   | Became a worshipper of Gozag Ym Sagoz the Greedy
  2357 | Temple   | Temple: lava triangle
  2386 | D:4      | Killed a scorpion
  2387 | D:4      | Reached skill level 1 in Staves
  2387 | D:4      | Gained mutation: Your magical nature lets you fly swiftly
                  | and evasively. [Tengu growth]
  2387 | D:4      | Reached XP level 5. HP: 28/28 MP: 4/9
  2395 | D:4      | Noticed Eustachio
  2414 | D:4      | Found a shadowy altar of Dithmenos.
  2417 | D:4      | Found a glowing golden altar of the Shining One.
  2420 | D:4      | Found a glowing silver altar of Zin.
  2425 | D:4      | Altar vault: translucent crystal wall rectangle with fungal
                  | ]
  2428 | D:4      | Noticed Natasha
  2440 | D:4      | Killed Natasha
  2445 | D:4      | Noticed Robin
  2503 | D:4      | Reached XP level 6. HP: 32/32 MP: 0/10
  2514 | D:4      | Noticed Natasha
  2551 | Temple   | Killed Robin
  2568 | D:4      | Killed Natasha
  2587 | D:4      | Noticed Natasha
  2592 | D:4      | Killed Natasha
  2634 | D:4      | 5 curare darts in the west.
  2699 | D:4      | Noticed Edmund
  2858 | D:4      | Killed Edmund
  2859 | D:4      | Reached XP level 7. HP: 37/37 MP: 0/12
  2955 | D:4      | Killed Eustachio
  3173 | D:4      | Found a shimmering blue altar of Sif Muna.
  3191 | D:4      | Sir Muna vault: lava mimic path
  3237 | D:4      | Killed a steam dragon
  3238 | D:4      | Reached skill level 1 in Fighting
  3248 | D:4      | Found a basalt altar of Yredelemnul.
  3834 | D:2      | Bought a book of Lightning for 340 gold pieces
  3842 | D:2      | Learned a level 6 spell: Plasma Beam
  3960 | D:5      | Entered Level 5 of the Dungeon
  3962 | D:5      | IDINAA OQU CEDGH - fear
  3987 | D:5      | Reached XP level 8. HP: 31/43 MP: 16/16
  4134 | D:5      | Reached skill level 5 in Spellcasting
  4134 | D:5      | Reached skill level 1 in Evocations
  4302 | D:5      | grey potion - lignification
  4330 | D:5      | Found a glowing drain.
  4340 | D:5      | Sewer entrance in southwest; vault contains lots of river
                  | rats and adders.
  4341 | Sewer    | Entered a sewer
  4524 | Sewer    | Found a viscous altar of Jiyva.
  4552 | Sewer    | pink potion - haste
  4553 | Sewer    | coppery potion - invisibility
  4683 | Sewer    | clear potion - mutation
  4757 | D:5      | Found a white marble altar of Elyvilon.
  4874 | D:5      | fuming golden potion - brilliance
  5042 | D:5      | Identified the +0 helmet of the Snake Pit {+Inv rElec
                  | Slay+2}
  5509 | D:3      | Killed Grinder
  5510 | D:3      | Reached skill level 1 in Fire Magic
  5510 | D:3      | Reached XP level 9. HP: 49/49 MP: 11/21
  5840 | D:3      | Killed Sigmund
  6101 | D:4      | Killed lonewolfV2's ghost
  6385 | D:6      | Noticed Menkaure
  6427 | D:6      | Killed Menkaure
  6519 | D:6      | Learned a level 3 spell: Mephitic Cloud
  6525 | D:6      | Learned a level 5 spell: Freezing Cloud
  6542 | D:6      | Noticed Duvessa
  6545 | D:6      | Noticed Dowan
  6553 | D:6      | Killed Duvessa
  6560 | D:6      | Killed Dowan
  6561 | D:6      | Reached XP level 10. HP: 29/56 MP: 3/24
  6570 | D:6      | Learned a level 2 spell: Poisonous Vapours
  6750 | D:6      | Book of Beasts
  6799 | D:6      | Book of Burglary
  6908 | D:6      | Found a runed translucent gate.
  6908 | D:6      | Found a runed translucent gate.
  6911 | D:6      | Found a runed translucent gate.
  6913 | D:6      | Noticed mainiacjoe's ghost (novice NaHu)
  7220 | D:7      | Good ole 4chamb floors. Potion of curing in northeast(?).
  7286 | D:7      | murky dark potion - might
  7464 | D:7      | Found a bloodstained altar of Trog.
  7630 | D:7      | Northwest chamber contains kobolds, including brigand.
  7801 | D:7      | Southeast chamber north of another kobold pack.
  7858 | D:7      | Found a blossoming altar of Fedhas.
  7869 | D:7      | Fadhas altar: deep water circle, lava circle. Southeast.
                  | Wyvern in area.
  7913 | D:7      | Staff of cold south of Fedhas vault! Southeast quadrant.
  8007 | D:8      | DAQARA ITOU - vulnerability
  8008 | D:8      | VUOVVEL UMORYB - noise
  8009 | D:8      | PEMAKHL WIJI - enchant armor
  8010 | D:8      | DEF UB DEARPH - magic mapping
  8011 | D:8      | IGUQYU KANASEF - amnesia
  8012 | D:8      | NAXASMOBED - silence
  8108 | D:8      | Found a huge runed translucent gate.
  8108 | D:8      | Found a huge runed translucent gate.
  8108 | D:8      | Found a huge runed translucent gate.
  8108 | D:8      | Found a huge runed translucent gate.
  8108 | D:8      | Noticed a manticore
  8115 | D:8      | Beastly jamboree!
  8131 | D:8      | Reached skill level 5 in Fire Magic
  8141 | D:8      | You are sucked into a shaft and drop 1 floor!
  8175 | D:9      | First orc warrior. Southwest of floor.
  8209 | D:9      | Found a sparkling altar of Nemelex Xobeh.
  8246 | D:9      | Found an ornate altar of the Wu Jian Council.
  8440 | D:9      | Another staff of fire in this northwest quadrant.
  8471 | D:9      | Noticed Grum
  8492 | D:9      | Reached skill level 10 in Air Magic
  8522 | D:9      | Noticed a two-headed ogre
  8588 | D:9      | Killed a two-headed ogre
  8674 | D:9      | Killed Grum
  8753 | D:9      | Book of Debilitation
  8797 | D:9      | Reached XP level 11. HP: 32/62 MP: 0/25
  8824 | D:9      | Reached skill level 5 in Fighting
  8984 | D:9      | Swamp worm vault in southeast.
  9126 | D:9      | HP: 2/63 [swamp worm (21)]
  9235 | D:8      | amulet of reflection
  9256 | D:8      | +0 barding
  9285 | D:8      | Everburning Encyclopedia: Ignite Poison, Sticky Flame, and
                  | Ignition
  9302 | D:8      | Two +6 rings of strength on this floor.
  9354 | D:8      | Found a shimmering altar of Xom.
  9969 | D:9      | puce potion - cancellation
 10034 | D:9      | Unseen horror simulacrum in eastern vault.
 10037 | D:9      | Unseen horror also in area.
 10067 | D:9      | Noticed a wizard
 10185 | D:9      | Killed a wizard
 10186 | D:9      | Reached skill level 5 in Dodging
 10348 | D:9      | Noticed a two-headed ogre
 10348 | D:9      | Noticed a cyclops
 10356 | D:9      | Noticed a two-headed ogre
 10363 | D:9      | Killed a two-headed ogre
 10370 | D:9      | Killed a cyclops
 10405 | D:9      | Killed a two-headed ogre
 10533 | D:9      | Noticed a deep elf pyromancer
 10535 | D:9      | Noticed a centaur warrior
 10567 | D:9      | Killed a deep elf pyromancer
 10607 | D:9      | Killed a centaur warrior
 10608 | D:9      | Reached skill level 15 in Air Magic
 10727 | D:9      | Staff of cold + phantom mirror
 10853 | D:10     | Entered Level 10 of the Dungeon
 10870 | D:10     | Found a staircase to the Orcish Mines.
 10894 | D:10     | 4chamb. Humble orcish mines entrance. Nearby are killer
                  | bees.
 10897 | D:10     | Kobolds too.
 11011 | D:10     | Reached skill level 1 in Ice Magic
 11080 | D:10     | Reached XP level 12. HP: 52/68 MP: 13/26
 11080 | D:10     | Unseen horror towards eastern half.
 11197 | D:10     | Found a sacrificial altar of Ru.
 11222 | D:10     | Noticed Maggie
 11243 | D:10     | Found a flagged portal.
 11248 | D:10     | Bailey entrance in southeast.
 11249 | Bailey   | Entered a bailey
 11433 | Bailey   | Got the Grimoire of Arson and Hypothermia
 11469 | Bailey   | Found an iron altar of Okawaru.
 11513 | Bailey   | Mephitic Cloud + Poisonous Vapors did work. B)
 11734 | D:10     | Noticed a two-headed ogre
 11743 | D:10     | Killed a two-headed ogre
 11886 | D:10     | Noticed Maurice
 11889 | D:10     | Maurice changed into Maurice the naga
 11889 | D:10     | Noticed Maurice
 11893 | D:10     | Killed Maurice the naga
 11944 | D:10     | Noticed Urug
 12240 | D:10     | Killed Urug
 12241 | D:10     | Reached skill level 10 in Spellcasting
 13095 | D:11     | Found Aseg's Weapon Boutique.
 13218 | D:11     | Found Ubbuoj's Armour Shop.
 13221 | D:11     | 470 gold for +4 rPois plate armor; nothing noteworthy
                  | otherwise
 13221 | D:11     | +3 rC+ chainmail too
 13521 | D:11     | Noticed a two-headed ogre
 13536 | D:11     | Killed a two-headed ogre
 13826 | D:11     | Found Bumes's CLEARANCE SALE!.
 13834 | D:11     | Bought a potion of curing for 18 gold pieces
 13879 | D:11     | Noticed Josephine
 14275 | D:11     | Found Gysseh's Assorted Antiques.
 14282 | D:11     | Bought a scroll of identify for 40 gold pieces
 14282 | D:11     | Bought a wand of flame (5) for 70 gold pieces
 14282 | D:11     | Bought a scroll of fear for 80 gold pieces
 14282 | D:11     | Bought a scroll of identify for 40 gold pieces
 14282 | D:11     | Bought a staff of cold for 500 gold pieces
 14285 | D:11     | I didn't need that second staff of cold, but whatever.
                  | Southwest corner.
 14369 | D:11     | fuming sapphire potion - berserk rage
 14370 | D:11     | glowing white potion - resistance
 14962 | D:11     | Found a staircase to the Lair.
 15067 | D:11     | Lair entrance is quite humble
 15067 | D:11     | Identified a scroll of acquirement
 15068 | D:11     | PEF ME - acquirement scroll
 15249 | D:6      | Killed mainiacjoe's ghost
 15459 | D:8      | Learned a level 3 spell: Swiftness
 15597 | D:8      | Reached XP level 13. HP: 31/74 MP: 10/29
 15845 | Lair:1   | Entered Level 1 of the Lair of Beasts
 15905 | Lair:1   | Reached skill level 5 in Ice Magic
 15929 | Lair:1   | +1 boots southwest of entrance
 16026 | Lair:1   | NEHEIT PIVIGEV - scroll of poison
 16030 | Lair:1   | Learned a level 3 spell: Ignite Poison
 16364 | Lair:1   | Noticed Nergalle
 16448 | Lair:1   | Killed Nergalle
 16452 | Lair:1   | She has a +2 rF+ robe
 16489 | Lair:1   | Oklob plant northeast of entrance.
 16992 | Lair:2   | Found a transporter.
 16993 | Lair:2   | Oklob plant in the west.
 17067 | Lair:2   | Noticed mkat's ghost (journeyman DsBe)
 17072 | Lair:2   | Found a transporter.
 17259 | Lair:2   | +2 cloak in northeast, nearby cane toad.
 17294 | Lair:2   | Noticed Gastronok
 17316 | Lair:2   | Killed Gastronok
 17347 | Lair:2   | Gastronok has a +2 INT hat.
 17352 | Lair:2   | Found a staircase to the Shoals.
 17488 | Lair:2   | Book of Air in center-northeast; I already got it before...
 17888 | Lair:3   | AMULET REGEN IN SOUTHWEST
 17900 | Lair:3   | Identified the +4 sling "Pydeif" {flame, rN+ Str+3 Dex-3}
 18030 | Lair:3   | blue potion - flight
 18048 | Lair:3   | rF+ ring in southwest
 18658 | Lair:3   | Oh yeah. Catoblepas is in the northeast, nearby stairs.
                  | Dream sheep also in area.
 18922 | Lair:3   | Found a staircase to the Snake Pit.
 19278 | D:9      | Catoblepas was somehow missed on this floor.
 19285 | D:9      | Reached XP level 14. HP: 80/80 MP: 16/32
 19489 | D:1      | Bought a manual of Evocations for 1120 gold pieces
 19935 | Lair:4   | Acquired a staff of air
 20012 | Lair:4   | Book of the Moon
 20117 | Lair:4   | XEIFOICAOSO - immolation
 20329 | Lair:4   | You are sucked into a shaft and drop 1 floor!
 20329 | Lair:5   | Entered Level 5 of the Lair of Beasts
 20647 | Lair:5   | Noticed Kirke
 20746 | Lair:4   | Identified the +3 long sword "Ruphaeh" {heavy, Drain Int+2
                  | Dex+4}
 20839 | Lair:4   | Book of Minor Magic
 20851 | Lair:4   | Book of Weapons
 20930 | Lair:4   | Reached skill level 5 in Evocations
 22048 | Lair:5   | Killed Kirke
 22432 | Lair:5   | SCROLL OF ACQUIREMENT IN THE WEST!
 22531 | Lair:5   | Found a staircase to the Slime Pits.
 22533 | Lair:5   | Found a viscous altar of Jiyva.
 23138 | Lair:5   | Reached XP level 15. HP: 85/85 MP: 22/34
 23158 | Lair:5   | Book of the DRagon
 23171 | Lair:5   | Lair endvault: the spider!
 23284 | Lair:5   | Reached skill level 15 in Spellcasting
 23494 | D:10     | Killed Maggie
 23577 | D:12     | Brown ugly thing in northwest
 23636 | D:12     | Acquired the scarf of Gyoshrali {repulsion, Regen+}
 23813 | D:12     | Reached skill level 5 in Conjurations
 24013 | D:12     | +2 hat
 24031 | D:12     | Found a frozen archway.
 24033 | D:12     | Ice cave in middle of floor.
 24048 | D:12     | Reached skill level 5 in Stealth
 24071 | IceCv    | Entered an ice cave
 24635 | IceCv    | NOHEEG ZEZYE - summoning
 24854 | IceCv    | +0 demon blade of freezing
 24896 | IceCv    | Learned a level 2 spell: Passwall
 24948 | IceCv    | Summoning scroll will help here.
 25112 | IceCv    | Found a viscous altar of Jiyva.
 25112 | IceCv    | Noticed an azure jelly
 25118 | IceCv    | Killed an azure jelly
 25151 | IceCv    | Got the ring "Kaughacek" {Ice Str+2}
 25164 | IceCv    | Ice cave: slimey!
 25694 | D:13     | Noticed Erolcha
 25699 | D:13     | Killed Erolcha
 26217 | D:13     | Found a gate to the Vaults.
 26793 | D:14     | Found a glowing silver altar of Zin.
 26796 | D:14     | Found a glowing golden altar of the Shining One.
 26797 | D:14     | Found a white marble altar of Elyvilon.
 27362 | D:14     | Reached XP level 16. HP: 90/90 MP: 19/37
 27378 | D:14     | Unrestrained Analects: Olgreb's Toxic Radiance and Discord
 27492 | D:15     | Entered Level 15 of the Dungeon
 27708 | D:15     | Identified the +4 flail of the Emperors {freeze, rC+ rN+
                  | Str+3}
 27709 | D:15     | Found in the south.
 27759 | D:15     | Reached skill level 10 in Evocations
 27790 | D:15     | Lots of efreets n this floor.
 27978 | D:15     | Found a runed translucent gate.
 27978 | D:15     | Found a runed translucent gate.
 27978 | D:15     | Found a runed translucent gate.
 27978 | D:15     | Noticed an acid blob
 27980 | D:15     | Noticed BuzzardItera's ghost (journeyman MiBe)
 27980 | D:15     | Noticed an acid blob
 27993 | D:15     | I'm so much more afraid of the regular monsters than the
                  | ghost.
 28600 | D:15     | Found a staircase to the Depths.
 28625 | D:15     | Found a viscous altar of Jiyva.
 28872 | Shoals:1 | Entered Level 1 of the Shoals
 29792 | Shoals:1 | Shoals:1 has no items remaining.
 29803 | Shoals:2 | Noticed Polyphemus
 30668 | Shoals:2 | Reached skill level 1 in Armour
 30902 | Shoals:2 | Killed Polyphemus
 30935 | Shoals:2 | Noticed Frances
 30940 | Shoals:2 | Killed Frances
 31104 | Shoals:1 | Southeastern uphatch on Shoals:2 leads to center of
                  | Shoals:1 nearby entrance.
 31144 | Shoals:3 | Noticed Ilsuiw
 31144 | Shoals:3 | Found Gidwepat's One-of-a-Kind Rings.
 31145 | Shoals:3 | Nope!
 31442 | Shoals:3 | Noticed Jorgrun
 31487 | Shoals:3 | Bought the ring of the Tarantula {Fly rPois rC+} for 606
                  | gold pieces
 31572 | Shoals:2 | Killed Ilsuiw
 31698 | Shoals:3 | Killed Jorgrun
 31702 | Shoals:3 | Jorgrun did petrify me, but I didn't die somehow.
 31702 | Shoals:3 | Oh yeah. He became confused from my Mephitic Cloud. :P
 31987 | Shoals:3 | Identified Roxanne's Tractate on Clay
 31987 | Shoals:3 | Noticed Roxanne
 32194 | Shoals:3 | Staff of poison
 32324 | Shoals:4 | Entered Level 4 of the Shoals
 32492 | Shoals:4 | Reached XP level 17. HP: 96/96 MP: 31/40
 33162 | Shoals:3 | Killed Roxanne
 33289 | Shoals:4 | Identified the +8 spear of Watchfulness {heavy, Str+4
                  | Int+2}
 34269 | Shoals:4 | Identified the ring "Ydwaisse" {rF++ rCorr Int+2 SInv}
 34283 | Shoals:4 | I'm glad that didn't fall into the deep water.
 34422 | Shoals:4 | Eastern little chamber maybe has alligator snapping turtle
                  | spawning in it. Be cautious.
 34517 | Shoals:4 | Southeasternmost little chamber has staff of air. Occupied
                  | by cyclops, merfolk, etc.
 34695 | Shoals:4 | Got a barnacled rune of Zot
 34696 | Shoals:4 | The rune is in the southwest. Only one chamber over here.
                  | Occupants unknown.
 34743 | Shoals:4 | Identified the staff of air "Coun" {rElec Int+3}
 34756 | Shoals:4 | Coun is in a little chamber north of the uphatch. Occupants
                  | unknown.
 35212 | Shoals:3 | Gidwepat is the only living thing left here.
 35225 | Shoals:1 | Well, aside from the plants, of course. :P
 35372 | Lair:2   | Killed mkat's ghost
 35939 | Snake:1  | Entered Level 1 of the Snake Pit
 37027 | Snake:1  | Reached XP level 18. HP: 101/101 MP: 33/42
 37203 | Snake:1  | Book of Alchemy in southeast.
 37937 | Snake:1  | Reached skill level 10 in Dodging
 38619 | Snake:2  | Found a hide-covered altar of Uskayaw.
 39709 | Snake:2  | Learned a level 5 spell: Arcjolt
 40452 | Snake:3  | Identified the +5 sling of Citrun {heavy, rN+ rCorr}
 40988 | Snake:3  | Young Poisoner's Handbook
 41725 | Snake:4  | Entered Level 4 of the Snake Pit
 42097 | Snake:4  | Reached XP level 19. HP: 107/107 MP: 8/43
 42810 | Snake:4  | Reached skill level 10 in Fire Magic
 43009 | Snake:4  | Got a serpentine rune of Zot
 43010 | Snake:4  | The endvault is on the eastern side of the floor. Lots of
                  | water pools.
 43010 | Snake:4  | It can be cheesed with noise scrolls to ruin the coherency
                  | of the spawned monsters. A northern area has a place on the
                  | right that has noise scroll potential right outside the
                  | rune chamber. On the left is a narrow hallway leading to
                  | the wide front gate of the endvault. Using noise scrolls in
                  | these places can thin the herd and make them easier to pick
                  | off.
 43239 | Snake:4  | Found a runed translucent door.
 43244 | Snake:4  | Noticed Xysitod's ghost (adept DsWr)
 43246 | Snake:4  | Seems like the endvault and this ghost vault are only
                  | accessible though one staircase. Strange.
 43289 | Snake:4  | Killed Xysitod's ghost
 43331 | Snake:4  | Identified the staff of death "Pash" {rElec rN+ rCorr
                  | Str+8}
 46098 | Orc:1    | Entered Level 1 of the Orcish Mines
 46354 | Orc:1    | Found Xadec's Armour Shop.
 46407 | Orc:1    | Found Jilugev's Firing Range.
 46410 | Orc:1    | Bought a throwing net for 54 gold pieces
 46410 | Orc:1    | Bought 2 throwing nets for 108 gold pieces
 46510 | Orc:2    | Entered Level 2 of the Orcish Mines
 46510 | Orc:2    | Found a staircase to the Elven Halls.
 46524 | Orc:2    | Noticed Snorg
 46714 | Orc:2    | Noticed Saint Roka
 46849 | Orc:2    | Found Wauhit's Antique Armour Shoppe.
 46858 | Orc:2    | Bought a troll leather armour for 540 gold pieces
 47031 | Orc:2    | Found Oliewat's Jewellery Shoppe.
 47172 | Orc:2    | Found Losan's Antique Weapon Shop.
 47265 | Orc:2    | Killed Snorg
 47394 | Orc:2    | Killed Saint Roka
 47467 | Orc:2    | Found Wughikh's Book Shoppe.
 47577 | Orc:2    | Reached skill level 5 in Staves
 47803 | Orc:2    | Found Beumir's Jewellery Emporium.
 47806 | Orc:2    | Found Ireer's Assorted Antiques.
 47807 | Orc:2    | Found Simosche's Jewellery Emporium.
 47808 | Orc:2    | Found Ylemun's Distillery.
 47812 | Orc:2    | Bought a potion of heal wounds for 65 gold pieces
 47812 | Orc:2    | Bought a potion of heal wounds for 65 gold pieces
 47812 | Orc:2    | Bought a potion of magic for 104 gold pieces
 47812 | Orc:2    | Bought a potion of might for 52 gold pieces
 47812 | Orc:2    | Bought a potion of cancellation for 104 gold pieces
 47812 | Orc:2    | Bought a potion of brilliance for 52 gold pieces
 47812 | Orc:2    | Bought a potion of ambrosia for 104 gold pieces
 47814 | Orc:2    | Bought a condenser vane for 1040 gold pieces
 47814 | Orc:2    | Bought 2 potions of cancellation for 416 gold pieces
 47814 | Orc:2    | Bought a potion of curing for 78 gold pieces
 47814 | Orc:2    | Bought a scroll of poison for 104 gold pieces
 47814 | Orc:2    | Bought a scroll of teleportation for 78 gold pieces
 47814 | Orc:2    | Bought a scroll of fog for 104 gold pieces
 48211 | Vaults:1 | Entered Level 1 of the Vaults
 48664 | Vaults:1 | Book of Ice
 48723 | Vaults:1 | Reached XP level 20. HP: 112/112 MP: 21/44
 49196 | Vaults:1 | Reached skill level 10 in Stealth
 50439 | Vaults:1 | Uphatch on Vaults:2 leads to south of Vaults entrance/exit.
 50687 | Vaults:2 | lajatang in southeast
 50983 | Vaults:2 | Reached skill level 5 in Armour
 51029 | Vaults:2 | Noticed a bone dragon
 51103 | Vaults:2 | Killed a bone dragon
 51216 | Vaults:2 | Found a staircase to the Crypt.
 51258 | Vaults:2 | Found Zouh Xuoka's Armour Emporium.
 51578 | Vaults:2 | Noticed Frederick
 51673 | Vaults:2 | Noticed Asterion
 51940 | Vaults:3 | Learned a level 4 spell: Olgreb's Toxic Radiance
 52469 | Vaults:3 | Reached XP level 21. HP: 119/119 MP: 36/47
 53885 | Vaults:4 | Found Marhovics's Weapon Shoppe.
 54222 | Vaults:4 | Identified the +0 robe "Lulont" {rPois Slay+2}
 54231 | Vaults:4 | Reached skill level 1 in Shields
 55400 | Vaults:4 | Found Ilau's Magic Scroll Shoppe.
 55408 | Vaults:4 | Bought a scroll of acquirement for 936 gold pieces
 55408 | Vaults:4 | Bought a scroll of enchant armour for 135 gold pieces
 55596 | Depths:1 | Entered Level 1 of the Depths
 55715 | Depths:1 | Noticed Nikola
 56006 | Depths:1 | Reached XP level 22. HP: 125/125 MP: 29/49
 56345 | Depths:1 | Paralysed by a sphinx for 3 turns
 56358 | Depths:1 | Killed Nikola
 56359 | Depths:1 | Reached skill level 5 in Shields
 56611 | Depths:1 | Found a gateway to Hell.
 56842 | Depths:1 | Noticed a caustic shrike
 56857 | Depths:1 | Killed a caustic shrike
 57696 | Elf:1    | Entered Level 1 of the Elven Halls
 57727 | Elf:1    | Paralysed by an air elemental for 1 turns
 58190 | Elf:1    | Book of the Wilderness
 58234 | Elf:1    | Acquired 666 gold pieces
 58459 | Elf:1    | Found a runed translucent door.
 58459 | Elf:1    | Noticed Giugae's ghost (adept FoCK)
 58467 | Elf:1    | Killed Giugae's ghost
 59189 | Elf:2    | Found Romoihupuso's Distillery.
 59189 | Elf:2    | Found Gohopn's Weapon Shop.
 59208 | Elf:2    | Bought a potion of brilliance for 40 gold pieces
 59208 | Elf:2    | Bought a potion of cancellation for 80 gold pieces
 59208 | Elf:2    | Bought a potion of heal wounds for 50 gold pieces
 59208 | Elf:2    | Bought a potion of magic for 80 gold pieces
 59208 | Elf:2    | Bought 2 potions of berserk rage for 100 gold pieces
 59210 | Elf:2    | Bought a potion of mutation for 80 gold pieces
 59524 | Elf:2    | Found Zidabyso's Antique Armour Shoppe.
 59532 | Elf:2    | Bought a pair of jewelled gloves for 294 gold pieces
 59532 | Elf:2    | Identified the +2 pair of gloves of Sin {rF+ Int+5} (You
                  | bought it in a shop on level 2 of the Elven Halls)
 59713 | Elf:2    | Found Iseysag's Magic Scroll Shoppe.
 59797 | Elf:2    | Bought a scroll of fog for 84 gold pieces
 59797 | Elf:2    | Bought a scroll of poison for 84 gold pieces
 59797 | Elf:2    | Bought a scroll of poison for 84 gold pieces
 59797 | Elf:2    | Bought a scroll of poison for 84 gold pieces
 59797 | Elf:2    | Bought a scroll of teleportation for 63 gold pieces
 59831 | Elf:2    | Found a portal to a secret trove of treasure.
 59842 | Elf:2    | You paid a toll of 15 scrolls of teleportation to enter a
                  | treasure trove
 59843 | Trove    | Entered a treasure trove
 59848 | Trove    | Found the +1 cloak of Starlight {*Dazzle EV+4 Stlth--}
 59850 | Trove    | Identified the +3 kite shield of Death Resistance {rF+
                  | rCorr}
 59872 | Trove    | Identified the ring "Goedooch" {rN++ AC+4 Str+4 Int-4}
 59877 | Trove    | Identified the +10 shadow dragon scales "Kuesour" {rElec
                  | rN+ Slay+2 Stlth++++}
 59882 | Trove    | Identified the ring "Eceopydai" {Wiz rCorr Str+4 Int+3}
 59900 | Trove    | #worth
 59937 | Elf:2    | Found a shimmering blue altar of Sif Muna.
 60064 | Elf:2    | Found Ischiop's General Store.
 60067 | Elf:2    | Bought a potion of resistance for 170 gold pieces
 60067 | Elf:2    | Bought 2 potions of curing for 102 gold pieces
 60067 | Elf:2    | Bought a scroll of fog for 68 gold pieces
 60178 | Elf:2    | Found a huge runed translucent gate.
 60180 | Elf:2    | Found a huge runed translucent gate.
 60184 | Elf:2    | Found a huge runed translucent gate.
 60207 | Elf:2    | Found a huge runed translucent gate.
 60207 | Elf:2    | Found a huge runed translucent gate.
 60794 | Elf:2    | Reached XP level 23. HP: 132/132 MP: 45/52
 60979 | Elf:3    | Entered Level 3 of the Elven Halls
 61441 | Elf:3    | Found Quutsem's Magic Scroll Shop.
 61449 | Elf:3    | Bought a scroll of poison for 44 gold pieces
 61449 | Elf:3    | Bought a scroll of teleportation for 33 gold pieces
 61905 | Elf:3    | Identified the +3 great sword of the Rat {protect, Fragile
                  | rN++ Int+3}
 61915 | Elf:3    | Identified the amulet "Wahieb" {rC+ Regen+}
 62018 | Elf:3    | Reached skill level 10 in Fighting
 62124 | Elf:3    | Reached skill level 10 in Shields
 62154 | Elf:3    | Identified the +6 mace of the Mind {freeze, Dex+4}
 62358 | Elf:3    | Got Pext's Omnibus of Lithomancy
 62362 | Elf:3    | Identified the staff of fire "Setzifya" {rF+ Will++ Str+5
                  | Stlth-}
 62367 | Elf:3    | Got the Elucidation of Indurated Charms
 62377 | Elf:3    | Identified the +3 spear of Revolt {spect, Int+3}
 62391 | Elf:3    | Identified the staff of poison "Apedemeo" {rPois rF+ Str+2
                  | Dex-4 SInv}
 62520 | Elf:3    | Identified the ring "Hatiom" {Fly rElec rCorr Str+2 Dex+2}
 62740 | D:10     | Found a hazy altar of Hepliaklqana.
 63127 | Depths:2 | Found a one-way gate to the infinite horrors of the Abyss.
 64193 | Depths:2 | Noticed a golden dragon
 64201 | Depths:2 | Killed a golden dragon
 64214 | Depths:2 | Reached XP level 24. HP: 127/137 MP: 18/52
 64400 | Depths:2 | Identified the +0 plate armour of the Stars {MP+9 Str+2
                  | Dex+3}
 64431 | Depths:2 | FIRST LICH SIGHTED in the east.
 64542 | Depths:2 | Noticed a caustic shrike
 64571 | Depths:2 | Killed a caustic shrike
 64949 | Depths:2 | Found a shimmering blue altar of Sif Muna.
 64949 | Depths:2 | Found a one-way gate leading to the halls of Pandemonium.
 64960 | Depths:2 | Identified the +0 robe of Narrow the Leaf {rElec Str-3
                  | Int+2}
 65106 | Depths:2 | Acquired 777 gold pieces
 65319 | Depths:3 | Learned a level 1 spell: Apportation
 65384 | Depths:3 | Acquired 917 gold pieces
 65679 | Depths:3 | Reached skill level 27 in Air Magic
 66183 | Depths:3 | Gold dragon scales just laying there in the southwest.
 66595 | Depths:3 | Found a radiant altar of Vehumet.
 66686 | Depths:3 | Voluntarily entered the Abyss.
 66796 | Abyss:1  | "Kneel, thou ducking milk-livered simpleton!"
 66968 | Abyss:1  | Noticed a dread lich
 67101 | Abyss:1  | Found a corrupted altar of Lugonu.
 67570 | Abyss:1  | Gained mutation: You are dopey. (Int -2) [a neqoxec]
 67742 | Abyss:1  | Found a corrupted altar of Lugonu.
 67761 | Abyss:1  | Found a corrupted altar of Lugonu.
 67776 | Abyss:1  | HP: 6/139 [angel/+3 sacred scourge of holy wrath (24)]
 67778 | Abyss:1  | Hot damn, this angel is beating me ass.
 67784 | Abyss:1  | HP: 5/139 [angel/+3 sacred scourge of holy wrath (21)]
 67789 | Abyss:1  | HP: 3/139 [angel/+3 sacred scourge of holy wrath (7)]
 67924 | Abyss:1  | Found a corrupted altar of Lugonu.
 68013 | Depths:3 | Escaped the Abyss
 68152 | Depths:3 | Voluntarily entered the Abyss.
 68535 | Depths:3 | Escaped the Abyss
 68600 | Depths:3 | Voluntarily entered the Abyss.
 68681 | Abyss:1  | Gained mutation: You are weak. (Str -2) [a cacodemon]
 68702 | Abyss:1  | Gained mutation: Your body sometimes deteriorates upon
                  | taking damage. [a cacodemon]
 69067 | Depths:3 | Escaped the Abyss
 69083 | Depths:4 | Entered Level 4 of the Depths
 69276 | Hell     | Entered the Vestibule of Hell
 69276 | Hell     | Noticed Geryon
 69277 | Hell     | Whoops.
 69277 | Hell     | >Geryon roars, "Repent, thou tasty snackling!"
 69351 | Depths:4 | Reached XP level 25. HP: 145/145 MP: 46/52
 69548 | Depths:4 | Noticed a juggernaut
 69574 | Depths:4 | Killed a juggernaut
 69646 | Depths:4 | Reached skill level 15 in Shields
 69722 | Depths:4 | Noticed a juggernaut
 69734 | Depths:4 | Killed a juggernaut
 70034 | Depths:4 | Identified the +1 scale mail "Zaosymid" {rPois MP+9 Str+2
                  | Int-3}
 70146 | Depths:4 | Noticed the Enchantress
 70153 | Depths:4 | Killed the Enchantress
 70281 | Depths:4 | Paralysed by a floating eye for 3 turns
 70284 | Depths:4 | Found a one-way gateway to a ziggurat.
 70286 | Depths:4 | Paralysed by a floating eye for 4 turns
 70306 | Depths:4 | Paralysed by a floating eye for 4 turns
 70313 | Depths:4 | Paralysed by a floating eye for 4 turns
 70550 | Depths:4 | Found a gate to the Realm of Zot.
 70768 | Depths:4 | Voluntarily entered the Abyss.
 70881 | Abyss:1  | Gained mutation: You are very dopey. (Int -4) [a neqoxec]
 70883 | Abyss:1  | Noticed an ancient lich
 70937 | Abyss:1  | Lost mutation: You are weak. (Str -2) [potion of mutation]
 70937 | Abyss:1  | Lost mutation: Your body sometimes deteriorates upon taking
                  | damage. [potion of mutation]
 70937 | Abyss:1  | Gained mutation: Potions are less effective at restoring
                  | your health. [potion of mutation]
 70937 | Abyss:1  | Gained mutation: You are agile. (Dex +4, Str/Int -1)
                  | [potion of mutation]
 70938 | Abyss:1  | Lost mutation: You are agile. (Dex +4, Str/Int -1) [potion
                  | of mutation]
 70938 | Abyss:1  | Lost mutation: Potions are less effective at restoring your
                  | health. [potion of mutation]
 70938 | Abyss:1  | Gained mutation: You are clumsy. (Dex -2) [potion of
                  | mutation]
 71059 | Abyss:1  | Noticed a dread lich
 71070 | Abyss:1  | Killed a dread lich
 71071 | Abyss:1  | Reached skill level 10 in Conjurations
 71081 | Depths:4 | Escaped the Abyss
 71124 | Depths:4 | Voluntarily entered the Abyss.
 71132 | Abyss:1  | Found a corrupted altar of Lugonu.
 71365 | Abyss:2  | Found a corrupted altar of Lugonu.
 71502 | Abyss:2  | Found a corrupted altar of Lugonu.
 71503 | Abyss:2  | Found a corrupted altar of Lugonu.
 71503 | Abyss:2  | Found a corrupted altar of Lugonu.
 71829 | Abyss:2  | Gained mutation: You do not regenerate when monsters are
                  | visible. [a neqoxec]
 71835 | Abyss:2  | Lost mutation: You are clumsy. (Dex -2) [potion of
                  | mutation]
 71835 | Abyss:2  | Lost mutation: You do not regenerate when monsters are
                  | visible. [potion of mutation]
 71835 | Abyss:2  | Gained mutation: You are strong-willed. (Will+) [potion of
                  | mutation]
 71835 | Abyss:2  | Gained mutation: You are vulnerable to cold. (rC-) [potion
                  | of mutation]
 72385 | Depths:4 | Escaped the Abyss
 72410 | Depths:4 | Voluntarily entered the Abyss.
 72457 | Abyss:3  | Found a corrupted altar of Lugonu.
 72468 | Abyss:3  | Found a corrupted altar of Lugonu.
 72468 | Abyss:3  | Found a corrupted altar of Lugonu.
 72629 | Abyss:3  | Found a corrupted altar of Lugonu.
 72658 | Abyss:3  | Found a corrupted altar of Lugonu.
 72683 | Abyss:3  | Noticed a dread lich
 72686 | Abyss:3  | Paralysed by a dread lich for 3 turns
 72693 | Abyss:3  | Killed a dread lich
 72882 | Depths:4 | Escaped the Abyss
 73074 | Vaults:2 | Noticed Sojobo
 73214 | Vaults:5 | Entered Level 5 of the Vaults
 73299 | Vaults:5 | Reached XP level 26. HP: 157/157 MP: 23/52
 73367 | Vaults:5 | Found Qampi's Antique Weapon Shoppe.
 73744 | Vaults:5 | Reached skill level 15 in Conjurations
 74278 | Vaults:5 | Got the Folio of Allied Assaults
 74289 | Vaults:5 | Learned a level 9 spell: Chain Lightning
 74291 | Vaults:5 | Got a silver rune of Zot
 74295 | Vaults:5 | Identified the +0 ring mail "Ethriosi" {+Inv rN++ Int+7}
 74424 | Vaults:5 | Identified the +7 whip "Qopn" {freeze, Dex+4}
 74826 | Vaults:5 | Reached skill level 10 in Armour
 75023 | Vaults:5 | Noticed an ancient lich
 75038 | Vaults:5 | Killed an ancient lich
 75166 | Vaults:5 | Noticed Xtahua
 75187 | Vaults:5 | Killed Xtahua
 75228 | Vaults:5 | Reached skill level 15 in Fighting
 75248 | Vaults:5 | Lost mutation: You are vulnerable to cold. (rC-) [potion of
                  | mutation]
 75248 | Vaults:5 | Lost mutation: You are strong-willed. (Will+) [potion of
                  | mutation]
 75248 | Vaults:5 | Gained mutation: You occasionally lose the ability to drink
                  | potions when taking damage. [potion of mutation]
 75248 | Vaults:5 | Gained mutation: Your spells are a little harder to cast,
                  | but a little more powerful. [potion of mutation]
 75248 | Vaults:5 | Gained mutation: Your body sometimes deteriorates upon
                  | taking damage. [potion of mutation]
 75248 | Vaults:5 | Gained mutation: You are agile. (Dex +4, Str/Int -1)
                  | [potion of mutation]
 75249 | Vaults:5 | Lost mutation: You are very dopey. (Int -4) [potion of
                  | mutation]
 75249 | Vaults:5 | Lost mutation: You occasionally lose the ability to drink
                  | potions when taking damage. [potion of mutation]
 75249 | Vaults:5 | Lost mutation: Your spells are a little harder to cast, but
                  | a little more powerful. [potion of mutation]
 75249 | Vaults:5 | Gained mutation: You have sharp fingernails. [potion of
                  | mutation]
 75249 | Vaults:5 | Gained mutation: Your flesh is heat resistant. (rF+)
                  | [potion of mutation]
 75249 | Vaults:5 | Gained mutation: You are partially covered in iridescent
                  | scales. (AC +2) [potion of mutation]
 75439 | Vaults:5 | Identified the +1 falchion of the Silent Majority {speed,
                  | Fly Dex+3}
 75522 | Vaults:5 | Noticed a juggernaut
 75524 | Vaults:5 | a juggernaut changed into a shard shrike
 75524 | Vaults:5 | Noticed a shard shrike (glowing shapeshifter)
 75530 | Vaults:5 | a shard shrike changed into a juggernaut
 75530 | Vaults:5 | Noticed a juggernaut (glowing shapeshifter)
 75532 | Vaults:5 | a juggernaut changed into a shard shrike
 75532 | Vaults:5 | Noticed a shard shrike (glowing shapeshifter)
 75536 | Vaults:5 | Killed a shard shrike
 75802 | Vaults:5 | Identified the +0 scale mail "Quigryoc" {+Blink rC+ Int+2}
 76796 | Crypt:1  | Entered Level 1 of the Crypt
 76949 | Crypt:1  | Reached XP level 27. HP: 166/166 MP: 52/52
 78522 | Crypt:2  | Identified the ring "Masoges" {Ice rPois rN++ rCorr}
 78638 | Crypt:2  | Identified the +1 robe of the Skies Above {*Slow Str+4
                  | Int+3 Dex+8}
 78908 | Crypt:3  | Entered Level 3 of the Crypt
 79314 | Crypt:3  | Found a staircase to the Tomb.
 79792 | Crypt:3  | Reached skill level 1 in Earth Magic
 80598 | Crypt:3  | Identified the +5 hand axe "Nofi" {freeze, rElec Will+}
 80600 | Crypt:3  | Got the Book of the Mortuary
 81151 | Crypt:3  | Identified the +0 leather armour of Stained Fun {rF+ rN+
                  | Int+2 Dex+4}
 81503 | Crypt:3  | Easiest Crypt:3 ever.
 81755 | Vaults:1 | Paralysed by an air elemental for 1 turns
 81759 | Vaults:1 | Killed Sojobo
 81848 | Vaults:2 | Killed Frederick
 81867 | Vaults:2 | Killed Asterion
 82028 | D:13     | Bought a steaming glass ring for 260 gold pieces
 82028 | D:13     | Identified the ring "Baamnaze" {rElec rF+ rC+ EV+5 Str-3}
                  | (You bought it in a shop on level 13 of the Dungeon)
 82033 | D:13     | Bought a scroll of acquirement for 2548 gold pieces
 82033 | D:13     | Bought a potion of might for 196 gold pieces
 82033 | D:13     | Bought a wand of iceblast (2) for 235 gold pieces
 82033 | D:13     | Bought a wand of acid (6) for 1234 gold pieces
 82033 | D:13     | Bought a scroll of blinking for 367 gold pieces
 82036 | D:13     | Acquired the ring "Rip Xoz" {rC++ rCorr MP+9 Slay+5}
 82040 | D:13     | Bought a dazzling orb for 658 gold pieces
 82040 | D:13     | Identified the orb of the Echidna {*channel, -Tele rCorr
                  | Dex-4 SInv} (You bought it in a shop on level 13 of the
                  | Dungeon)
 82047 | D:13     | Bought a scroll of acquirement for 676 gold pieces
 82047 | D:13     | Acquired the +4 pair of gloves of the Vaults {Int+2}
 82309 | Slime:1  | Entered Level 1 of the Pits of Slime
 82746 | Slime:1  | Gained mutation: Your spells are a little easier to cast,
                  | but a little less powerful. [a shining eye]
 82749 | Slime:1  | Gained mutation: Your magical capacity is low. (-10% MP) [a
                  | shining eye]
 82753 | Slime:1  | Lost mutation: You have sharp fingernails. [potion of
                  | mutation]
 82753 | Slime:1  | Lost mutation: You are partially covered in iridescent
                  | scales. (AC +2) [potion of mutation]
 82753 | Slime:1  | Gained mutation: Armour fits poorly on your strangely
                  | shaped body. [potion of mutation]
 82754 | Slime:1  | Lost mutation: Your flesh is heat resistant. (rF+) [potion
                  | of mutation]
 82754 | Slime:1  | Lost mutation: Your body sometimes deteriorates upon taking
                  | damage. [potion of mutation]
 82754 | Slime:1  | Lost mutation: You are agile. (Dex +4, Str/Int -1) [potion
                  | of mutation]
 82754 | Slime:1  | Gained mutation: You are frail. (-10% HP) [potion of
                  | mutation]
 82754 | Slime:1  | Gained mutation: Your muscles are strong. (Str +4, Int/Dex
                  | -1) [potion of mutation]
 82755 | Slime:1  | Lost mutation: Your magical capacity is low. (-10% MP)
                  | [potion of mutation]
 82755 | Slime:1  | Lost mutation: Your spells are a little easier to cast, but
                  | a little less powerful. [potion of mutation]
 82755 | Slime:1  | Lost mutation: Armour fits poorly on your strangely shaped
                  | body. [potion of mutation]
 82755 | Slime:1  | Gained mutation: Your flesh is cold resistant. (rC+)
                  | [potion of mutation]
 82755 | Slime:1  | Gained mutation: You passively map a small area around you.
                  | [potion of mutation]
 82755 | Slime:1  | Gained mutation: You have hidden genetic potential. [potion
                  | of mutation]
 82756 | Slime:1  | Lost mutation: You passively map a small area around you.
                  | [potion of mutation]
 82756 | Slime:1  | Lost mutation: Your muscles are strong. (Str +4, Int/Dex
                  | -1) [potion of mutation]
 82756 | Slime:1  | Gained mutation: You occasionally lose the ability to read
                  | scrolls when taking damage. [potion of mutation]
 82756 | Slime:1  | Gained mutation: Your flesh is heat resistant. (rF+)
                  | [potion of mutation]
 82756 | Slime:1  | Gained mutation: You are agile. (Dex +4, Str/Int -1)
                  | [potion of mutation]
 82757 | Slime:1  | Lost mutation: Your flesh is cold resistant. (rC+) [potion
                  | of mutation]
 82757 | Slime:1  | Lost mutation: You are agile. (Dex +4, Str/Int -1) [potion
                  | of mutation]
 82757 | Slime:1  | Gained mutation: Your spells are a little harder to cast,
                  | but a little more powerful. [potion of mutation]
 82757 | Slime:1  | Gained mutation: You possess an exceptional clarity of
                  | mind. [potion of mutation]
 82758 | Slime:1  | Lost mutation: You possess an exceptional clarity of mind.
                  | [potion of mutation]
 82758 | Slime:1  | Lost mutation: You are frail. (-10% HP) [potion of
                  | mutation]
 82759 | Slime:1  | Lost mutation: You are dopey. (Int -2) [potion of mutation]
 82759 | Slime:1  | Lost mutation: You occasionally lose the ability to read
                  | scrolls when taking damage. [potion of mutation]
 82759 | Slime:1  | Gained mutation: You are dopey. (Int -2) [potion of
                  | mutation]
 82759 | Slime:1  | Gained mutation: You are partially covered in iridescent
                  | scales. (AC +2) [potion of mutation]
 82759 | Slime:1  | Lost mutation: You have hidden genetic potential. [potion
                  | of mutation]
 83980 | Slime:5  | Entered Level 5 of the Pits of Slime
 85585 | Slime:5  | Noticed the Royal Jelly
 85768 | Slime:5  | Killed the Royal Jelly
 86126 | Slime:5  | Found the +5 robe of Night {Dark Will+ SInv}
 86168 | Slime:5  | Got a slimy rune of Zot
 86202 | Slime:5  | Got the Compendium of Fey Cleavage
 86210 | Slime:5  | Identified the +3 long sword "Ocsaomu" {drain, Int+4}
 86214 | Slime:5  | Identified the +3 dagger "Lylan" {drain, rPois rF- Int+3}
 86221 | Slime:5  | Identified the amulet of Vuzukhoq {Reflect rF+ Str+5 SH+5}
 86224 | Slime:5  | Identified the +0 chain mail "Xommap" {rCorr Str+3 Dex+4}
 86230 | Slime:5  | Identified the amulet "Myhy" {Spirit Fragile rC+ Str+2
                  | Int+3}
 86815 | Hell     | Reached skill level 5 in Earth Magic
 87114 | Hell     | Killed Geryon
 87233 | Depths:1 | Learned a level 8 spell: Lehudib's Crystal Spear
 87444 | Hell     | Found a gateway to the Iron City of Dis.
 87525 | Hell     | Found a gateway to the ashen valley of Gehenna.
 87700 | Hell     | Found a gateway to the decaying netherworld of Tartarus.
 87803 | Hell     | Found a gateway to the freezing wastes of Cocytus.
 87917 | Geh:1    | Entered Level 1 of Gehenna
 88882 | Zot:1    | Entered Level 1 of the Realm of Zot
 89516 | Zot:1    | Identified the ring of Makhleb, Disbelieving {Fly rC+ rN+
                  | Str-5 Int+3}
 90039 | Zot:1    | Noticed Vv
 90313 | Zot:1    | Killed Vv
 90675 | Zot:1    | Identified the +6 sling of the Hurting Salmon {drain, rC+
                  | rN+ SInv}
 90818 | Zot:1    | Learned a level 6 spell: Iron Shot
 91006 | Zot:2    | Noticed an orb of fire
 91014 | Zot:2    | Killed an orb of fire
 91471 | Zot:2    | You are sucked into a shaft and drop 1 floor!
 92375 | Zot:3    | Acquired 308 gold pieces
 94886 | Zot:4    | Noticed an orb of fire
 94895 | Zot:4    | Killed an orb of fire
 95786 | Depths:4 | Voluntarily entered the Abyss.
 95819 | Abyss:3  | Found a corrupted altar of Lugonu.
 95823 | Abyss:3  | Found a corrupted altar of Lugonu.
 95823 | Abyss:3  | Found a corrupted altar of Lugonu.
 95849 | Abyss:3  | Found a corrupted altar of Lugonu.
 96158 | Abyss:3  | Gained mutation: You sometimes lose your temper in combat.
                  | [a neqoxec]
 96333 | Depths:4 | Escaped the Abyss
 96410 | Depths:4 | Voluntarily entered the Abyss.
 96787 | Abyss:3  | Found a corrupted altar of Lugonu.
 96904 | Depths:4 | Escaped the Abyss
 96962 | Depths:4 | Voluntarily entered the Abyss.
 97046 | Abyss:3  | Found a corrupted altar of Lugonu.
 97138 | Abyss:3  | Found a corrupted altar of Lugonu.
 97355 | Abyss:4  | Found a corrupted altar of Lugonu.
 97365 | Abyss:4  | Found a corrupted altar of Lugonu.
 97617 | Abyss:4  | Paralysed by you for 5 turns
 97737 | Depths:4 | Escaped the Abyss
 97776 | Depths:4 | Voluntarily entered the Abyss.
 97836 | Abyss:5  | Found a corrupted altar of Lugonu.
 97838 | Abyss:5  | Got an abyssal rune of Zot
 97850 | Abyss:6  | Gained mutation: You are mostly covered in iridescent
                  | scales. (AC +4) [a neqoxec]
 97857 | Depths:4 | Escaped the Abyss
 99346 | Geh:6    | Noticed a dread lich
 99346 | Geh:6    | Noticed a dread lich
 99346 | Geh:6    | Noticed a dread lich
 99346 | Geh:6    | Noticed a dread lich
 99346 | Geh:6    | Noticed a dread lich
100076 | Coc:1    | Entered Level 1 of Cocytus
100265 | Coc:1    | Learned a level 8 spell: Ignition
101241 | Coc:3    | Paralysed by a wendigo for 1 turns
101545 | Coc:4    | Paralysed by a wendigo for 1 turns
102305 | Coc:5    | Paralysed by a wendigo for 1 turns
102557 | Coc:6    | Paralysed by a wendigo for 1 turns
102705 | Coc:6    | Paralysed by a wendigo for 1 turns
103169 | Coc:7    | Entered Level 7 of Cocytus
103604 | Coc:7    | Reached skill level 27 in Shields
103988 | Coc:7    | Paralysed by a wendigo for 1 turns
104280 | Coc:7    | Reached skill level 1 in Transmutations
104871 | Coc:7    | Noticed the Serpent of Hell
105337 | Coc:7    | Killed the Serpent of Hell
105369 | Coc:7    | Reached skill level 27 in Conjurations
105403 | Coc:7    | Noticed Antaeus
105626 | Coc:7    | Killed Antaeus
106087 | Coc:7    | Got an icy rune of Zot
106107 | Coc:7    | Manual of earth magic
106191 | Coc:7    | Identified the +1 sling of Infinite Pain {freeze, Int+3
                  | Stlth+}
106212 | Coc:7    | Identified the +6 trident "Seugoc" {chaos, Dex+3}
106525 | Pan      | Entered Pandemonium
106525 | Pan      | Noticed Mennas
106530 | Pan      | Found an exit through the horrors of the Abyss.
106532 | Pan      | Gained mutation: You occasionally lose the ability to drink
                  | potions when taking damage. [a cacodemon]
106536 | Pan      | Lost mutation: You are mostly covered in iridescent scales.
                  | (AC +4) [potion of mutation]
106536 | Pan      | Lost mutation: Your flesh is heat resistant. (rF+) [potion
                  | of mutation]
106536 | Pan      | Gained mutation: Your spells are harder to cast, but more
                  | powerful. [potion of mutation]
106542 | Pan      | Lost mutation: You are dopey. (Int -2) [potion of mutation]
106542 | Pan      | Lost mutation: You sometimes lose your temper in combat.
                  | [potion of mutation]
106542 | Pan      | Lost mutation: You are partially covered in iridescent
                  | scales. (AC +2) [potion of mutation]
106542 | Pan      | Gained mutation: You are partially covered in large bone
                  | plates. (SH +4) [potion of mutation]
106542 | Pan      | Gained mutation: You are clumsy. (Dex -2) [potion of
                  | mutation]
106542 | Pan      | Gained mutation: You are somewhat resistant to further
                  | mutation. [potion of mutation]
106812 | Pan      | Found a transporter.
106902 | Pan      | Found a transporter.
106905 | Pan      | Found a transporter.
106916 | Pan      | Found a transporter.
107056 | Pan      | Found a transporter.
107084 | Pan      | Identified the ring "Guyd" {rN+ Slay+5 Stlth+}
107087 | Pan      | Identified the +1 cloak of Qiafum {*Corrode Regen+ Str+3
                  | Slay+3}
107091 | Pan      | Identified the amulet of Fun {Acrobat rElec Will+}
107830 | Pan      | Gained mutation: Your magical capacity is low. (-10% MP) [a
                  | cacodemon]
107983 | Pan      | Found a transporter.
108081 | Pan      | Entered the realm of Lom Lobon.
108165 | Pan      | Identified the +1 helmet of Nahy {Harm rF+}
108984 | Pan      | Noticed Lom Lobon
109161 | Pan      | Got a magical rune of Zot
109178 | Pan      | Killed Lom Lobon
109621 | Pan      | Noticed Orecvi Vaann the pandemonium lord
109624 | Pan      | Gained mutation: Armour fits poorly on your strangely
                  | shaped body. [a neqoxec]
109627 | Pan      | Killed Orecvi Vaann the pandemonium lord
109631 | Pan      | Gained mutation: You are occasionally teleported next to
                  | monsters. [a neqoxec]
109633 | Pan      | Lost mutation: You are clumsy. (Dex -2) [potion of
                  | mutation]
109633 | Pan      | Lost mutation: Armour fits poorly on your strangely shaped
                  | body. [potion of mutation]
109808 | Pan      | Entered the realm of Gloorx Vloq.
110189 | Pan      | Found an exit through the horrors of the Abyss.
110239 | Pan      | Identified the +9 sling of Zamurig {heavy, rElec rF+}
110477 | Pan      | Reached skill level 27 in Spellcasting
110707 | Pan      | Noticed Gloorx Vloq
110712 | Pan      | Random teleport mutation saved me. :)
110735 | Pan      | Got a dark rune of Zot
110743 | Pan      | Killed Gloorx Vloq
111000 | Pan      | Took an exit into the Abyss.
111000 | Abyss:6  | Escaped into the Abyss
111013 | Abyss:6  | Found a corrupted altar of Lugonu.
111205 | Depths:4 | Escaped the Abyss
111418 | Zot:5    | Entered Level 5 of the Realm of Zot
111468 | Zot:5    | Noticed a dread lich
111469 | Zot:5    | Paralysed by a dread lich for 5 turns
111482 | Zot:4    | Killed a dread lich
111901 | Zot:5    | Noticed an orb of fire
112060 | Zot:5    | Noticed an orb of fire
112249 | Zot:5    | Got the Orb of Zot
112276 | Zot:5    | Noticed an orb of fire
112277 | Zot:5    | Noticed an orb of fire
112282 | Zot:5    | Noticed an orb of fire
112284 | Zot:5    | Gained mutation: Your magical capacity is very low. (-20%
                  | MP) [an orb of fire]
112352 | Zot:2    | Found a shimmering altar of Xom.
112352 | Zot:2    | Found a shimmering altar of Xom.
112352 | Zot:2    | Found a shimmering altar of Xom.
112352 | Zot:2    | Found a shimmering altar of Xom.
112352 | Zot:2    | Found a shimmering altar of Xom.
112353 | Zot:2    | Found a glowing silver altar of Zin.
112531 | Depths:2 | ROBE OF NIGHT%
112677 | D:15     | Noticed Uggoq the pandemonium lord
113127 | D:13     | Noticed Uniocwask the pandemonium lord
113132 | D:13     | Killed Uniocwask the pandemonium lord
113155 | D:13     | Noticed Quroaz Suatz the pandemonium lord
113160 | D:13     | Killed Quroaz Suatz the pandemonium lord
113355 | D:10     | Noticed Woqe the pandemonium lord
113364 | D:10     | Killed Woqe the pandemonium lord
113528 | D:6      | Noticed Com Wouf the pandemonium lord
113529 | D:6      | Killed Com Wouf the pandemonium lord
113726 | D:1      | Noticed Amnipah the pandemonium lord
113734 | D:1      | Killed Amnipah the pandemonium lord
113758 | D:$      | Escaped with the Orb!

Illustrated notes ...####....####.### #.....# ...#............#####.....# ####.####.####.###.##.....# #.##......#.....####.### #.).....###.#.#.####.## #.>.....#.........##..# #.....###.#.#.#.#.###.# ######......#.#.......# .......#.#.###@###.#.### ########......<......# ##.#.###.###.#.## #......#.#......# ####.#.#.#.#.#### #.........# ###.#.#.##### #.....#...# #.###.###.# Turn 215 on D:1: Starting Vault: plus sign #........... #.....####.. #.....# #.. #### #)....####.. ..# #.....#..... ### #.#############.#### ...###.......# #.##.. #.#.......#.# #.)... #...⌠.(@⌠.#.# #.>... ###...∩.....# #..... #.⌠...⌠.############## #..................... #####..############### #.## # ...# # .#### # # Turn 248 on D:1: The shop contains manuals of Evocations and Invocations. They're both over 1k gold. #### ####### #... ### #.....# ####... ..######.....# ####### #..'..† #.#....#.....# #.....# #.##... #...##.#.....# #.....# ##'##### .....#.'....#######...# #...# # #....###....#⌠#⌠#⌠#...# #...# # ........###...._@..(### #†..### ..#####.# ###⌠#⌠#⌠###### ##....# ........# #######....# ####.# .######## #.....### #.## ## #.......### #... .# #####.........# #### .# #.............# # .# #.....####....# ### .# #.....# #....# #.. Turn 334 on D:1: Faded altar vault: little hallway with died up fountains. It is in the northwest, and can only be accessed from western hallways. #......#........ #####)...####### #.#### #######.##.# #.....#....# ##.....####.# #.......# #.# #.......###.####### ##.@.......#.......# #.........##.#######.# #.########...#...###.. # #.###.#.#.... #.....#...⌠.( #########...∩ #.⌠.. #.... ##### Turn 388 on D:1: Staff of fire in western chamber. ##### .... ..# #.# #@# #.# #.# #.# ..# ### Turn 770 on D:2: cyan potion - heal wounds ##### .... ..# #.# #@# #.# #.# #.# ..# ### Turn 771 on D:2: green potion - attraction ##### .... ..# #.# #@# #.# #.# #.# ..# ### Turn 772 on D:2: PUTYWI LUD TOT - teleportation ............. ............ #.........(. #........∩.. #.†.†...†... #........... ##########........# ................!.# .......@.........## ............<....# .................# ................PPP# ..............~P~~~~ ..............~~~♣♣~~ .............PP♣♣♣ ~~ ............PP~P Turn 786 on D:2: rCorr ring near shop and uphatch ......#####............# .....## #............# <....# #............# .....# #............# ....PPP# #####.#...#### ..~P~~~~~###....##### ..~~~♣♣~~~P#.########### .PP♣♣♣♣~~P...##......... PP~P♣ ♣♣~~......@...# PPP♣♣ ♣~P.####.###.# ♣~P.. #... ♣~P## ....# ~P~~ .....# .P.P ......# .... ..!....# #......## Turn 827 on D:2: Book of the Tundra, southeast of book shop .>....# ######### #.....# ......... ##.....# ......... #......# ......... #......# ## ......... #......##.# ......... #.........# ......... #.......# ......... #.....@.# ......... ###.......# ......... #.......#.# ......<. #.#.#.#.#.# #.#.#.#.#.# # #.#.#...#.#.# #.#.#####.... #.#.......... #......# Turn 956 on D:2: white potion - ambrosa ### #########.# #........@# #.#######.# #.# #.# # #.# #.# # #.# #.# # #.# #.#.# # #.# #.#.# # #.#####.#.# # #.....#.# Turn 1305 on D:2: emerald potion - curing ######## #......# #.##<### #.##.# #.##.# #.##.#### #.##....# #.#############.# #......§§@§§..... ################# Turn 2019 on D:4: JUEHEOGOGI - fog ######## #......# #.##<### #.##.# #.##.# #.##.#### #.##....# #.#############.# #......§§@§§..... ################# Turn 2020 on D:4: QOREIM JEMA - brand weapon ######## #......# #.##<### #.##.# #.##.# #.##.#### #.##....# #.#############.# #......§§.§@§§... ################# Turn 2021 on D:4: XEXTABLOIL - blinking ######## #......# #.##<### #.##.# #.##.# #.##.#### #.##....# #.#############.# #......§§.§@§§... ################# Turn 2022 on D:4: UTAM KAISIOT - enchant weapon ..##...... #........ #...$... #...... #.....### #.......# # +..>....# DZ #..@....# .S# #.......# .... ######..# #+++# #.. . f ..#####..##.#.W.# #.. [#( ..#......+..#$?)# ..#####..#......######## ####..#.#.. ###....## ##..##.....##..##....# ##....##...##....##'############# Turn 2218 on D:4: yellow potion - degeneration #.. .s....#... ....###.....#... #................ .......≈≈≈≈≈..... ####....≈≈≈≈≈≈≈≈≈... ......≈≈≈≈≈≈≈≈≈≈≈≈≈. .....≈≈≈≈≈≈...≈≈≈≈≈≈ .....≈≈≈≈≈≈.@.≈≈≈≈≈≈. .....≈≈≈≈≈≈...≈≈≈≈≈≈.. .....≈≈≈≈~~≈≈≈≈≈≈≈≈≈.. ......≈≈~~≈≈≈≈≈≈≈≈≈... ........≈≈≈≈≈≈≈≈≈....# ..........≈≈≈≈≈....... ..................... .................### .........##...(..# Turn 2242 on D:4: Temple entrance: deep water oval ≈≈≈...........................≈≈≈ ≈≈≈≈.........................≈§≈≈ §≈≈≈§......................§≈≈≈≈≈ ≈≈≈≈§≈...._..........._....≈≈≈§≈§ §§≈≈≈≈≈..................§≈≈≈≈≈≈≈ §≈≈≈≈≈≈≈.................§§§≈≈§≈≈ §≈§≈≈≈§≈≈...............≈≈≈≈§§≈≈≈ ≈≈§≈§≈≈≈§§.............≈≈§≈≈≈≈§§≈ ≈≈≈≈≈≈≈≈§≈§.....@.....§§≈≈≈§§≈§§≈ ≈≈≈≈≈≈≈≈§≈≈≈.........§≈§≈≈§§§§§ ≈≈§≈≈≈≈≈≈≈≈§§§§.§§§.≈≈≈§≈≈§§§≈≈ §≈≈≈§≈≈≈§≈§§§...§.§§§§§≈≈§≈≈§§ §§§§§≈≈≈≈§≈§§§.§§≈§§§≈≈≈≈≈≈§≈≈ ≈≈≈§≈≈≈§§≈≈§≈§§§≈§≈≈≈≈≈≈≈§≈≈ ≈≈§≈≈§≈≈≈≈≈≈≈§≈§≈≈≈≈≈≈≈≈≈≈ §§≈≈§§≈≈≈≈≈§≈§≈≈≈≈≈≈≈≈≈≈ ≈≈≈≈§§≈§≈≈§§§§≈§§≈≈≈≈≈ Turn 2357 on Temple: Temple: lava triangle ............... #### ................ ..... ..............####+##### ........[............... .#######................ .#.....#................ .#.PPP.#...###.......... .#...P.'..........#..... .#._.P.@.#........#..... .#...P.'.#........#..... .#.PPP.#..........#..... .#.....#..........#..... .#######...########..... ............ #..... ........#.... #..... ........#g.... .... .... Turn 2425 on D:4: Altar vault: translucent crystal wall rectangle with fungal ] #........#........)). #...............)... #####..........)........ #......#............##.. #...............'#####.. #.....................#. #.....................#. #..................... . #.......@....#......... #............#####..... #.............# .....#. #.........$...# .. #. #########.....# . .....# #### .....# ##..# ...... ##.... #..... Turn 2634 on D:4: 5 curare darts in the west. ##........### ####..........# ..............# ..............####### ....................# ########......#####.# #.#########..# # #.#≈..≈≈≈....# DZ ###§§§...@...# .S# #§§§≈≈≈...## .... #########.# #+++# ### #.W.# #$?)# ##### Turn 3191 on D:4: Sir Muna vault: lava mimic path .# . $ $ ##. ... ##.## ... #######.####### .......@....... .....#....##### ... ..>...# $ # ...#...... .....#....### g... #..... ... .....## ... #.#..# $ Turn 3962 on D:5: IDINAA OQU CEDGH - fear #########...(.....)##..~~ #..................##..≈≈ #######.................##♣...≈ .......................## ♣♣... ..........#####........# ♣♣.. .........~~# ########.# ♣. ........~~~# ###.# . .........#~#######~##..# ........~~~#~~@~~~~~##.# ........~#~#~########### .......~~~~#~~~~~# #####...~#~#~#~#~r~~# #...~#~#~#~# ### #....#~~~#~S #....######## #.. #r. Turn 4302 on D:5: grey potion - lignification ......~~###########.# ♣...♣♣ .....~~~#~~~~~~~###.# .... ......#~#######~##..# .....~~~#~~~~~~~~##.# .....~#~#~########### ....~~~~#~~~~~# ##...~#~#~#~#~r~~# #...~#~#~#~###### #....#~~~#~~~~~@# #....############ #.. #r. Turn 4340 on D:5: Sewer entrance in southwest; vault contains lots of river rats and adders. ~~ ##~.~...## ~.# ####.~## ..J# ##~~# #~.~####~~~# #.~~~.~..## #.~~..~.## ####~~~.# #..~~# #@..## #._.# ##### Turn 4552 on Sewer: pink potion - haste ~~ ##~.~...## ~.# ####.~## ..J# ##~~# #~.~####~~~# #.~~~.~..## #.~~..~.## ####~~~.# #..~~# #@..## #._.# ##### Turn 4553 on Sewer: coppery potion - invisibility ###~.~.~..##..## #~.. ##~.~~.~..~##...###.~. ##..~~~~.#~..##.~~##.~# #~.~##..~##~..##.~##~.# ##.~##~..~.##~~.~~.##..# ##.~~##..#~..#~...~###..# #....##~~##.##.~#### #..~ #..~###~..###~..# #.~. #..~.###@......~# #### ##~~~# ##~.~...## ##~.## ####.~## #...## ##~~# ##~.~####~~~# ##.~~~.~..## #.~~..~.## ####~~~.# #..~~# Turn 4683 on Sewer: clear potion - mutation ♣♣ .♣ ♣♣ ♣ #### ♣ ..# ... #.######. #........ ♣ #######@.# ♣### .........# ##.# ######...# ##.####.# #...# ........#######...# ...####.........(.# .## .#.# #.#######.#.#..... ##)# #.............# ##.##########.#.#.### Turn 4874 on D:5: fuming golden potion - brilliance ... ... # # .######### #.# + .........# #.# # .......# #.# # # #.....# #.#.# #..#.######.#.# # #.@..........# ###.....##.#. . ....####...)##### .. ..###...###.))..># ........#####.# ###...###.## #.# ..###...#.# #.# .###.#....#.# #.# #.. #.....#.# #.# Turn 6750 on D:6: Book of Beasts .........###....<... ........ ###...###...###...### ###...### ###.........###.. ..###... #.###...###...## .###.#.... .....###........ ##.. #..... ......#.###...###.#....#....# .... #.....###...#.. ..#...## #. ... #......#....#... #.###.# .# ... #.....#@....# ..###...## .. #......#....#.# #.#....# .# ##.....#...## #.....# #.###.#.###.# #....## #.. .###. #.. #...## # #.. .. .. ... #.###.## # .. . ..###...#.## # #.#....#... .. #.....#... Turn 6799 on D:6: Book of Burglary #(............##..##.##.# #######.#######...####.......<# #........# ##.## #.###.##.# #.#####..# #.# #.# #....# #.#####..# #.# .# ####.# #.##.....# ##+## #)# #.##.###.# ##...## ..# #.##.###.# ##.....## #.# #.##.#.#.# ##...@...## #.# #........###.........# ...........'.........+ ####....####.........# #.#.## ##.......## #.#... ##.....## .#....# ##...## ##.#...# .....# ####.## #.#.# Turn 7220 on D:7: Good ole 4chamb floors. Potion of curing in northeast(?). .#.## ##.......## ##.#...# .#... ##.....## ###...# #....# ##...## ##.## .#...# ......# #.# ###.## ###.#.# #.# # #.. #.# ###.#..### #.# #........###.# #.# #......@.....# #.# ......##.##### #.# ###.# #.#######.# .. #.........# # ########### Turn 7286 on D:7: murky dark potion - might #.#### ###.##### #.##.## ##.>.....## #.......# #.#...####.........###>...##.## #........+....<....+........... #.#...####.........###....##.## #.##.## #.......# #.#...#.# #..### #..K..# #.###.#.# ##.# #KKK# #.# .#.# #.# #@# #.# .#.# #.# #.# #.. ...# #.# #.# ### .### #.###########.########## #.........##............ #########.#.....######## #.##....### #.###.#...## ###..........# Turn 7630 on D:7: Northwest chamber contains kobolds, including brigand. ###.......## #.#..# #.# ###.#. .##.........###....###.# ...... ..'.........+.......##.# ###.# ##.........###........# ##.......## ###..##### ##.....## ##.# ##...## #.# ##'## ... #@# .#. #K# .. . #.. .# ...# ..KK .K.K#. ..K.K. ###.## # Turn 7801 on D:7: Southeast chamber north of another kobold pack. #.# ### #.........#### #.# # ###.## #.....$......# #.# # .....# #..≈≈≈≈≈≈.≈≈.###.#### # ###.#### #..≈....§..≈.##.....# # .......# #..≈.≈≈≈§§.≈.#......### .......# #..≈.≈...≈.≈.##........ ..#.##.# #..≈.≈._.≈.≈..........# ..#..#.# #..≈.≈@..≈.≈.##.......# ..##.#.# #.l≈.≈.≈≈≈.≈.###....### ..##.#.# ##.≈.......≈.###....# # .......# #.≈≈≈≈≈≈≈≈≈.##...### # #......# #.................## ##.#.### #..#..##.###.......## #....########.#...#.##.........## .....................'.........'. .....###.####.#...#.##.........## Turn 7869 on D:7: Fadhas altar: deep water circle, lava circle. Southeast. Wyvern in area. ..##.#.# ##.≈.......≈.###....# # .......# #.≈≈≈≈≈≈≈≈≈.##...### # #......# #.................## ##.#.### #..#..##.###.......## #....########.#...#.##.........## .....................'.........'. .....###.####.#...#.##.........## .....# #.# #.##..#.###.......## .##### #.# #...@...# ##.....## .# #.# #####.### ##...## .#######.# .# ##'## .........# .# #.# .######### .# #)###### .# .# ##)...... .# .#######.).##### .# ...............# ## #####....#.... Turn 7913 on D:7: Staff of cold south of Fedhas vault! Southeast quadrant. ### #.. #.# #.# #.# #@# ### Turn 8007 on D:8: DAQARA ITOU - vulnerability ### #.. #.# #.# #.# #@# ### Turn 8008 on D:8: VUOVVEL UMORYB - noise ### #.. #.# #.# #.# #@# ### Turn 8009 on D:8: PEMAKHL WIJI - enchant armor *** ###***,* #..,,,,* #.#***,* #.# *,* *********** #.# *,*** ,,**,,,,,,*** #@# *,,,* ,,,,,,,,,,,,***###*****,* ,,,,,,,,,,,,,,,,,,,,,,,,* ,,,,,,,,,,,,************* ,,,,,,,,,,*,** ,,,,*,,,,,,,,************ ,****,,,,,,,,,,,,,,,,,,,* *** *,,,,,,,,**********,* ,,***,,,,,,,,* *,* Turn 8010 on D:8: DEF UB DEARPH - magic mapping *** ###***,* #..,,,,* #.#***,* #.# *,* *********** #.# *,*** ,,**,,,,,,*** #@# *,,,* ,,,,,,,,,,,,***###*****,* ,,,,,,,,,,,,,,,,,,,,,,,,* ,,,,,,,,,,,,************* ,,,,,,,,,,*,** ,,,,*,,,,,,,,************ ,****,,,,,,,,,,,,,,,,,,,* *** *,,,,,,,,**********,* ,,***,,,,,,,,* *,* Turn 8011 on D:8: IGUQYU KANASEF - amnesia *** ###***,* #..,,,,* #.#***,* #.# *,* *********** #.# *,*** ,,**,,,,,,*** #@# *,,,* ,,,,,,,,,,,,***###*****,* ,,,,,,,,,,,,,,,,,,,,,,,,* ,,,,,,,,,,,,************* ,,,,,,,,,,*,** ,,,,*,,,,,,,,************ ,****,,,,,,,,,,,,,,,,,,,* *** *,,,,,,,,**********,* ,,***,,,,,,,,* *,* Turn 8012 on D:8: NAXASMOBED - silence *,,,,,,,,,,,,..........# ,,,,,,,,,,,,,..........# ,,,******,,,,..........# ,,,,,,***,,,,....####.## ,~,,,,,$,,*,,,...* #.## ,,,*,,,,,.<,**##** #..# ,,,*,,**,...##########.# ,,,,,,,,,..............# ,,,,,,,,,.....$.@......# ,,,,,,,,,.............## ,,,,,,,,>...###++++#### ,,,,,,,,,.,,#.hhHhhYl# ,*,,,,,,,,,,#..hYhYhh# ,,,,,,,,,,,,#...hlhh.# ***,,,,,,,,,#........# ***,,,,,***,#........# ,**,,,,,***,********** Turn 8115 on D:8: Beastly jamboree! #..# #..#####. ####........ #..........######## #.##..##### ......o #.##..######...#... #..............o... #.##..######...#..o ######.##..#####@....... ................######## ######.##..###### #.##..# ####### Turn 8175 on D:9: First orc warrior. Southwest of floor. .# .# .## #####.. ..... ##### #.#.# ####...####.#.### #.............|.# #.##........#@#.# #.##........#.# #.#####.....#.# #.# #####.#.# #.##### #.#.# #.#...#####.#.# #.............. #..####...#...# #.## #....< Turn 8440 on D:9: Another staff of fire in this northwest quadrant. .##.#.##.)....# #...........# .##.#.##......# #...........# .##.#.#.#.....####.##.......# .##.#.#.....................# .##.#....#.##.###.......#.... .##.#....#.##.# #.......# ### ....#....#.# # #.......# .........#.##.###.......# ................@..####.# ..#<..#.##.##.####.# .#$ ..#...#.##.#$ .... .. ............ #..... # ...)..#.##.#. #.####.# ...~.......... ... . ..~~~).....# ... ............ .. ......##.#.# Turn 8753 on D:9: Book of Debilitation ...#.#.. #.##...... .......###..#.......# .......##~~~~~......# .......#~~≈~≈~~.....# ......~~~~###~~~~..)# .....~~≈###~###≈~~..# .###>~~P#~~~~~ #≈~.##### .....~~PPw~~~~ #~~...... .###.~~P#~(~~~##@~##### ##~~≈###$###~~~...... $ ##~~~~###~~~~......$ #.#~~≈~≈~~######### #.##~~~~~.# ### #.##..###.# ..# #.###.# #.# ..# ... ..# #.# ._# #. #### #.# Turn 8984 on D:9: Swamp worm vault in southeast. ,,,,,,,,,**,,,***,,,,,*,......... ,,,,,,,,,*#.........###.......... ,,,,,,,,,*#...................... ,,,,,,,***#...................... ,,,,,,,**##.............).##..... ,,,*,,,,,......~~...#............ ,,,***,,,....~~≈~...#.........### ,,,* *,,,.=...~≈~...#............ ,,,***,,,.....~.@...#.......~.... ,,,,,,,,,...........#.........#.. ,,,,,,,,,?....................#.. ,,,,,,,,,...#########............ ,,,,,,,,,..,* #................. ,,,,,,,,,.,,***#..........[...... ,,,,,,*$,,,,,,*#................. ,,>,,,*,,,,,,,*#?................ ,,,,,,,,,,,,,,*##...........#.... Turn 9235 on D:8: amulet of reflection **,,,........................... *,,,..........#########........ **,,,..........# #............. *,,,,...h......####..........[.. *,,,,....#$......##............. *,,,,>...#.......##?............ *,,,,............###...........# *,,,,........................... *,,,,,,........@......~..#.##### *,,,~,,....####.......~..#.#**** *,,,~~~....***#.......~..#..,,,* *,,,,,,...,,,,#.......~.,#.,,,,* *,,,,~,,,,,,,,#......~~.,*,,,,,, *,,,,,,,,,,,,,.......~..,*,,,,,* *,,,,,,,,,,,,,..........,,,,,,,, *,,,,,***,,,,,...#.....,,,,,,,,, *,,,,,* *,,,,,,,,*,,,,,,,,,,,,,, Turn 9256 on D:8: +0 barding *#.................... #.............####### ##.............# #... #..............####... #........#.......##... #....>...#.......##... #...[............###.. #..................... #....@.........[...... #...~......####....... #...~~~....#**#....... #............,#....... #....~.......,#......~ #............,.......~ #..................... #.....###........#.... *,,,,,* *,,,,,,,,*,,,, Turn 9285 on D:8: Everburning Encyclopedia: Ignite Poison, Sticky Flame, and Ignition #...~~~....#**#.... #............,#.... #....~.......,#.... #............,..... #.................. #.....###........#. #.....# *...,,,,,*, #.....# *,,.,,,,,*, #.@...# **,,,,,,,*, #.....# *,,,,,,,*, #.....# *,,,,,,,*, #.....# *,,,*****, #.....# *,,,* *, ####### ***** ** Turn 9302 on D:8: Two +6 rings of strength on this floor. #.#....# ##.......###........#### ....#.#####....#..# #......#...#. ...............#..####.....#.#... ..#.#.#####....#..#...####.#.##.. ..#.#.# ..........#...# #.#.#[.. ....#.. .............# #.#...#. )...#.## #...........####.#..##. )...#.######.#.#...........#..##. ................@....#...#.#..##. ...................#.#...#.#..##. [[..#..........#...#.#.......###. [####.###......#...#.#.......##~~ ....#..........#...#.#.......#~~≈ ###.#.###......#............~~~~# ..+.#.###......#.#.#.......~~≈### ###.....####.###.#.....###>~~P#~~ ....#.### #.# #.#.#.......~~~~~~ Turn 9969 on D:9: puce potion - cancellation #...[.....#.## . #.........#..# # #. .../ ..........##.##. Z .... #.........##..#.#. ..... ####......###.##o# ... # ..........# #..#.#.....# #........#####.#'#.#...# #......#...#.#..$.....# ##.....#.#...#..@...#.# ..####.#.##....#...##.. ..# #.#.#[...........# ..# #.#...#.##.......# #..# ..####.#..##.##.......# #..# .......#..##.##...≈~..# #..# .#...#.#..##.##...~...# #..# .#...#.#..##.##.......# #..# .#.......###..#.......# #..# Turn 10034 on D:9: Unseen horror simulacrum in eastern vault. ........##.##. . #....# ........##..#.#. ...... ##......###.##Z##....# ........# #..#.#.....# .......#####.#'#.#...# .....#...#.#..o.....# .....#.#...#......#.#### ####.#.##....#..{##..... # #.#.#[.......@...# # #.#...#.##.......# #..# ####.#..##.##.......# #..# .....#..##.##...≈~..# #..# ...#.#..##.##...~...# #..# ...#.#..##.##.......# #..# .......###..#.......# #..# .......##~~~~~......# #..# .......#~~≈~≈~~.....# #..# Turn 10037 on D:9: Unseen horror also in area. ....#.... ....#.############# ....#.#. .........###.### ....#.#.#######..........$ ###.#.##........#.###.#### ###.#..#.#####..#.[......# .......##......###.##.### ....##..#.###.)#)#......# ###.##..##....##@##.#.### .....#...#.#..#...#....#..#. .....#.#.##..###.###..##.>.. .....#.#..#...........#.... .....#.##.##.#.#.#.#.##...# .....#.#...#.#.#.#.#.#....# ######.....##.#.#.#.##....# #...........#.#.#.#.#.....# #...[.....#.##.#.#.##.#...# Turn 10727 on D:9: Staff of cold + phantom mirror #.##.......## ...##.#.........# ......'.........+ ...##.#.<.......# # ##)......## ##.....## ##...## $ ####'###### #...@.....# #.##.K###.# # #K## .K. $ ..K #.... ##.## #.# Turn 10894 on D:10: 4chamb. Humble orcish mines entrance. Nearby are killer bees. #.##.......## ...##.#.........# ......'.........+ ...##.#.<.......# # ##)......## ##.....## ##...## $ ####'###### #...@K....# #.##K>###.# # #.## .K. $ ..K #.... ##.## #.# Turn 10897 on D:10: Kobolds too. .........####.## #... .#######.......# #..# # .# #.####..# #..# .# '## #.####..# #.$##. ..## #.##....# #.... .# ...## #.##.##.# #...###.># ....## #.#..##.# #........# .....###.......######....!.# .....'..........@○°.......... §....####...###########...### ....## ##..# #.## ...## ##..# .# ..## #.# # '###### .# .)....# .# )>###.# .## $ Turn 11080 on D:10: Unseen horror towards eastern half. ###.............. #.#.##...####.. #######.#.#.....# ........[.##...## .######.#####.## #.####..# #.......# ###..)).## #.)@)..# #...)....# #.........# #..........# ..+.........+ ####.........# ##.......## ##.....## Turn 11248 on D:10: Bailey entrance in southeast. ##.....## #∩[....∩# #...8...# ##...).## ###)### ####)..#### ###....)....### ##......)......## #.......@.....).# #...............# ##.............## ###.)?......### ####._.#### ##### Turn 11513 on Bailey: Mephitic Cloud + Poisonous Vapors did work. B) ########.# #.# .........# #.# .........# #.# .........# #.# .........########.# ...............>#.## .........######....# .........# #+'+.# ≈#######.# +@+.# ≈≈# .# +++## ≈≈# .. ≈≈# # ≈## ## # Turn 13221 on D:11: 470 gold for +4 rPois plate armor; nothing noteworthy otherwise ........#.~...... #......~.~~~## #.####.#.#.~.~~≈## #........#.~.~≈≈# #######.#.#.~.~≈≈# +.###...#.#.#.~≈≈# ##...#'###.#.#.~≈≈# #......# #.#.#.#≈## #..@..## #.#.#.### #......# #.# #+#...## .# ###.+ ### Turn 14285 on D:11: I didn't need that second staff of cold, but whatever. Southwest corner. $ ~.~.S## ~.~.... ≈.~..~~ ~.≈..~~ ~.~..~≈ ..~.. ##... ###~~#..## .... #.@.....D. #... #. #.########### #... #.# #.# ##~.####... #.####.# ##≈≈....#... #.##.#.######~~~.~~.#... #................≈~.#... #..#.#.###~~~~~~≈≈~.~### #....#.##≈≈≈≈≈≈≈≈≈≈.~≈# #....#.#≈≈≈≈≈≈≈≈≈≈~.~### Turn 14369 on D:11: fuming sapphire potion - berserk rage $ ~.~.S## ~.~.... ≈.~..~~ ~.≈..~~ ~.~..~≈ ..~.. ##... ###~~#..## .... #.@.....D. #... #. #.########### #... #.# #.# ##~.####... #.####.# ##≈≈....#... #.##.#.######~~~.~~.#... #................≈~.#... #..#.#.###~~~~~~≈≈~.~### #....#.##≈≈≈≈≈≈≈≈≈≈.~≈# #....#.#≈≈≈≈≈≈≈≈≈≈~.~### Turn 14370 on D:11: glowing white potion - resistance # #.#.####...#.##..#########..... #.#.##≈##..#......## ###... #.#.#~..........#..## #.## ###.#.~~.~≈#.#.#..##..##### #.# ....#.~~.~≈#.#.#..###.....# #.# #####....~##'#.#..# ##....# #.## ....####.......#..# #....# #.#. ~~#.# #.......#..# #....# #.#. ≈≈~.####.......#@.# ####.####.#. ≈~#.##....##+#.#..# #......#. ≈##.##....##.#.#..# #.####.#. ###.#........#.##.# #.(###.#. ....##.........#### #...####. ######.........# #####........ ~.####.........# ##..........). ≈....#.........# ##~h######.###. ~.~~.#.........# ##≈~.## #..##. Turn 15067 on D:11: Lair entrance is quite humble # #.#.####...#.##..#########..... #.#.##≈##..#......## ###... #.#.#~..........#..## #.## ###.#.~~.~≈#.#.#..##..##### #.# ....#.~~.~≈#.#.#..###.....# #.# #####....~##'#.#..# ##....# #.## ....####.......#..# #....# #.#. ~~#.# #.......#..# #....# #.#. ≈≈~.####.......#@.# ####.####.#. ≈~#.##....##+#.#..# #......#. ≈##.##....##.#.#..# #.####.#. ###.#........#.##.# #.(###.#. ....##.........#### #...####. ######.........# #####........ ~.####.........# ##..........). ≈....#.........# ##~h######.###. ~.~~.#.........# ##≈~.## #..##. Turn 15068 on D:11: PEF ME - acquirement scroll .P# #.<........... ...# ##............ ....### ###............ .......#####.###...(...... #......#................. #...................... ##..................... ###........###........ ##.@...#.# ###...... ##.###### ####### #[# ### Turn 15929 on Lair:1: +1 boots southwest of entrance ..##...........# #...##........# #...#.........# #............## ### #...#........# ##..###....#.....### ##.....##.####.#.## #P......#.# ##### #.....@..## #.........# #........## ###......# ###..#.# ##...# ##..# .## Turn 16026 on Lair:1: NEHEIT PIVIGEV - scroll of poison ......## ####.## .......# #....# ......## ###....# ......## ##......# ......P###...#..§# ......###...##.§§# .....##.....##.§§# ..............§§☼## .....####.......@§# .....# ###......## ###### .....# #####..#####......... .....# ##.............).. #..### #................ ##.#### #.#............... #....P## ###.<............. #......## ##.............. ........#### ###.............. Turn 16452 on Lair:1: She has a +2 rF+ robe ####§ .# #...§###.## # ##...§§§§.. # ##....§§§..# # #######.......§..# ####................# ...........)........# ................@...# ....................## <....................# .....................## ......................# ##...(..............### ....................# ....................# ..............#....## Turn 16489 on Lair:1: Oklob plant northeast of entrance. P........... ##..........© $ $ #P........... #............ #.$..§§§...# #....§§§...## #...§§.....# #@##.# ##....#### ##.#'.P#..# #.........# ##........# #...§....## ##...☼.....# #.........+..# ##........# .# Turn 16993 on Lair:2: Oklob plant in the west. ## ######## .######## #.#....##.# ......#.# #.........## ...##...#####...@......# .........#P...........#. ....#.................# #.P.....'..#P........... ......#.#.###.........#. ........### P.......### ##+#..### ##......## ....# #......# ##..# ##.##..# Turn 17259 on Lair:2: +2 cloak in northeast, nearby cane toad. ...[......##.'........# .........#...#.......P# .........#...#........# ............#........## .........#..##.......# .......####.#P.......# ......## ####.......## ......# ###'####.# #.##..# #@.##### ## ###).#P# ##..#'..# #......P# ~~.........# #.........## #.........# #......w..# #.........# Turn 17347 on Lair:2: Gastronok has a +2 INT hat. .......####P.......####.#P....... #+#..### ##......##≈≈####....... ....# #......#≈≈≈≈# ###'#### ###..# ##.##..#≈≈≈~## #..### .###.## ## ..####≈~≈~~# ###).#P ......##.#####'.####≈~~~###..#'.. ........#.##......###~~~~#......P ......#...##......####~~......... .......##.#.....@....##.........# ......###.........+...#.........# ....>.# ##.'.......####.........# ......# ###.......# #.........# ......# #####+### ##....#..'## ###.### ###.. ## ##~~..####.## ..#.# #P..###.###≈~~~## ##..# .###### ##P..#.###~~~~## #..## ..P#.P## #.......#≈~>~≈#####'P.# Turn 17488 on Lair:2: Book of Air in center-northeast; I already got it before... $ ## #.# #... ####.. #.....###### $ #.........## .+.......@.)#.P .......<.......# .#.........#....# #........).# #.#. #..........# .. ##..........# # ######...#P# ##P#### ## Turn 17888 on Lair:3: AMULET REGEN IN SOUTHWEST ## #### #P###+#...# .........# ##........### #........$..## ##....[....... . #P@........# ##. ##........# #.# #........# #.. ##.#....## ####. ###.##....P### #.... #............####... ##.....>......PP.+... #.................... ##.............."#... Turn 18030 on Lair:3: blue potion - flight ### P.. ## ..#### #P###+#...# #.........# ##........### ### # #...........###P###...# ##....[........@....... #P!........####.##...## ##........## ###.#..# #........# #....# ##.#....## ####..# ###.##....P### #.....###### #............####.........## ## #.....>......PP.+.........)#.P# ......................<.......# Turn 18048 on Lair:3: rF+ ring in southwest ### #### ##.#######.#. ## ####.#.........# #..######.#...<......#.. ..........#.........(..# ...........#.#...####... =...$..@.............#.. ..Y...........##.......# ..........#............. ..........#####.##'.##.# ###+#...##. ###..##### ##### ## #....# #...### ###...# ####..# # Turn 18658 on Lair:3: Oh yeah. Catoblepas is in the northeast, nearby stairs. Dream sheep also in area. ..O........|.##.#.##.)....# #.... #........#.#.##.#.##......# #.... #........#.#.##.#.#.#.....####.## ####.....#.#.##.#.#.............. #####.#.#.##.#....#.##.###.... #### #.#.#.##.#....#.##.# #.... ...#####.#.#....#....#.##.# #.... .....................#.##.###.... ####...#...#....@....Y.........## # ###....<#..#<..#.##.##.####.## ####....#..#...#.##.#......... ####......>..................#... #..............[..#.##.#.#####.## #.#............~................. #.#....#......~~~).....#......... #.#....#...#..................... ..#....#...#......##.#.#......... Turn 19278 on D:9: Catoblepas was somehow missed on this floor. ..# #####..# #.## #.#....## ..P### ##......<## .....####.........# .......##........## ..#.#.....#......### ....P............#.###.. ##P..................... ......#.P##.....@#...## ##.#########.#.#.# ### ### ####### Turn 20012 on Lair:4: Book of the Moon . P... .....# . ......... #....... .. ....... #.# #.#..# ###.### ##...## ##...#.## ##P..#.## ...>....####....@..### ........##.#............ ....................#... ........##........### . ........#......)..P# .###..#####.......## ##....## #.#.)#.P# #....#.# ####...P# #..##### #...## Turn 20117 on Lair:4: XEIFOICAOSO - immolation ##.#.#+P# ####.### #......P# #......# #.......#### #......## ###.........###......+. #......).P....'........ #.# ###......##..##........ #.# #........###.......## ##.# ##P..##### #.......# #P.## #..@# #.......# # ... #..P# ###.+#### ###.# ## ##.## #....# ..#.##.## #.. #.#..#. ......#.# #.# #....#..# ........## ... ##.....^. .........### ... ....... ......'....# ... ..F.... ......###..... P........ Turn 20839 on Lair:4: Book of Minor Magic ##.# ##P..##### #.......# #P.## #...# #.......# ... #..P# ###.+#### ##.# ## ##.## #....# .#.##.## # #..# #.#..#. .....#.# #.#.## #....#..## .......## #>...## ##.....^.. ........####.....####### ........ .....'....#.....@....... ..F..... .....###........##.#..PP......... .....## #..#....# ## ##......... ......# ####...## #....... .#.#### ##..... ....... .....# ####.# #.#..# ##...# ###.### ##...## ###.'#### ####...#.## ##P..#.## ......##.##P...>....####.......## Turn 20851 on Lair:4: Book of Weapons #...............# ... P..............####... ##.................... P..................... ....(................. #.........♣..P..P..... #........P~~♣~~.~~.... ........♣~~.~~~~~~.... ........@~~~≈≈≈≈~~~... ........♣~~~~≈≈~~~~♣.. #........♣~~~~.~♣....# ##.........~~.~.~~♣.## #..........♣......#.. #..............#...#. ......##.. #. # #...P. .. $ . Turn 22432 on Lair:5: SCROLL OF ACQUIREMENT IN THE WEST!

..####.# ##.......##...#....#...#
###########........##..##..##..##
....## #..#......)..##..#..#..##.
.....# #......###....##.####..#..
....####.....##.###...#######....
.............#....###..##..##...#
.............##.....####....#.###
.............##!!...........###..
..P..P.......##)@...........###..
~♣~~.~~......##.$...####....#.###
.~~~~~~......#?$..###..##.....[.#
~≈≈≈≈~~~.....##$###...#####..#...
~~≈≈~~~~♣.....###....##.####.##..
~~~.~♣....##........##[.#..#.[##.
~~.~.~~♣.####.P....##..##..##..##
.♣......#..##.....##...#....#...#
.....#...#..#....##...##....##...


Turn 23158 on Lair:5: Book of the DRagon .##..###.#..P.(##...##....##...##
####.# ##.......##...#....#...##. #########........##..##..##..##.. ..##
#..#......)..##..#..#..##... ...# #......###....##.####..#....
..####.....##.###...#######.....# ...........#....###..##..##...###
...........##.....####....#.###.. ...........##!!.@.........###....
P..P.......##)............###.... ~~.~~......##.....####....#.###..
~~~~~......#....###..##.....[.### ≈≈≈~~~.....##.###...#####..#....#
≈≈~~~~♣.....###....##.####.##.... ~.~♣....##........##[.#..#.[##...
.~.~~♣.####.P....##..##..##..##.. ......#..##.....##...#....#...##. Turn 23171
on Lair:5: Lair endvault: the spider! #### ...# u..# ...# #############...#
#<..........@...+ #############...# ...# #### Turn 23577 on D:12: Brown ugly
thing in northwest #.....# #.#.# ###'### #.#.# ###'#### #.#.# #......# #.#.#
#.)....# #.#.# #...)..# #.# #...)..# ######### #.# #...)).###........ #.#
#.........@# ###'##..#### ......## #.#.#### ...#. $ ##. #. #. #. #. Turn 24013
on D:12: +2 hat #. #.....# #.# ###'### #.# ###'#### #.# #......# ###.# #.)....#
...# #...)..# #.### #...)..# #...## #...)).# #@#..# #....... $ #c..##.##
###'##.. #.!###..# #......# #.^. ##.#####.#.#### #.#. #.......#.# ..Q.
######..#.# .# ∩. #..#.# #. ..Q ..>#.# #####.# Turn 24033 on D:12: Ice cave in
middle of floor. ##..J# ##...## #.....# #.....## #......# ##......# .....#
#.......# ....## #.....$.## #...###...#....## #....##..##.#...#
#....##..##.##..## ##.@.##..##[!##..# #...##...#[) #..# ##.......##..##.##
#..##....# .##..# #..####..##..#..# #..# #...#8.##.## #..# ##..##..#..# #..##
#..##..#... ##..# ##..#§..#..# Turn 24635 on IceCv: NOHEEG ZEZYE - summoning
#.....# #.....## #......# ##......# .....# #.......# ....## #.......##
#...###...#....## #....##..##.#...# #....##..##.##..## ##...##..##..##..#
#...##...#[@.#..# ##.......##..##.## #..##....#..##..# #..####..##..#..# ###
#..# #...#..##.####.## #..# ##..##..#..##...# #..## #..##..#.....∩∩# ##..#
##..#...#..##...# #..###..##..##.####.## Turn 24854 on IceCv: +0 demon blade of
freezing #.......# #.......# #.J.....## #.......## #...###...#....##
#....##..##.#...# #...J##..##.##..## ##.JJ##..##..##..# #.JJ##...#[..#..#
##JJ.....##..##.## #@J##....#..##..# #..####..##..#..# #..# #...#..##.## #..#
##..##..#..# #..## #..##..#... ##..# ##..#...#..# #..###..##..##.##
#...##..##..#..# #...#...##.##..# Turn 24948 on IceCv: Summoning scroll will
help here. #.J##..J.#..## .##..####..##..# ..##..# #...#..# ##.##..# ##..##..
#..##..## #..##.. ##..###J.# ##..#... #...###.J###..##..# ##....##...##..##..#
##..@..##...#...##.## #.......#...J...#..#. ##.......##....#....#.
#...#.#...#....#...##. #.........##..##...#.. #..#._.#..##.##...##..
#.........#####..##..# #....#....# #..##...# ##.......## #......## Turn 25164 on
IceCv: Ice cave: slimey! ..........................##'''##
...................########.....# #################### ##........ ##.....##
##......).) ##.......## #.......... ##.........###...).###..
#...........#.....## ##. #...).).....'....## ## ##########....$)@....'..).# #
.........#...........'....## ## .....>...#...........#.....## ##.
###########..........#......###.. ##......#####.......... ##....##...##.........
######.....##........ #.#)......###.....# #.#...)...#.####### Turn 27378 on
D:14: Unrestrained Analects: Olgreb's Toxic Radiance and Discord .#<.....#..#
........#..# ..........## #####.#.###### ..#.#......# #.#.######.# #.#.# #.# $
#.#.# #.# #.#@# #.# #.#.# #.######## #######.#.# #........# ..........#
########.# ######.### #.# #.########### #.# #......)....# #.# ###########.# #.#
#.#####.# Turn 27709 on D:15: Found in the south. ............ #.........
##...#####........#......#.. #.................#°.....#..
#......#...#......$......#.. #....#.....#...............#
#.[....#.#.#.....#####.#.### #..........#.........#.#....
#....#.....#....[.##.#.##### #....#.....@..# #.#.# ###...)......## #.#.#
#.########.####.##.#)# #.# #...(.....#.#.# #.# #...#######.#.# #.#
#.............# #.# #.#########.### #.# #.# #.####### #.# #.# #......). Turn
27790 on D:15: Lots of efreets n this floor. ..<.......!.# #....)......#.......#
...........##.......# #....########.......# ...#.# #.......# #### ##.#.#
#.......##...# ##.#.###### #.......#G...$ ##.#.##...# #.......+J...$$
##.#.##...# #...@...+WJJ.[ ##.#.##...# #.(.....+JGJ.}$ ##.#.##...#
####....#JJ... ...#).....# #....##... .....###.## ####.....# # ###....#.#
#...##'### .......#.# #...##.# #......#.# #...##.# )......#.# #...##.# Turn
27993 on D:15: I'm so much more afraid of the regular monsters than the ghost.
≈≈≈≈≈~.............#....~~~~≈≈≈≈≈ ≈≈≈≈≈~~.........#########~~~~≈≈≈≈
≈≈≈≈≈≈≈....P.~~###########~~~≈≈≈≈ ≈≈≈≈≈≈≈.~..~~>####..##..##~~~≈≈≈≈
≈≈≈≈≈~~~~P~~~~###....#..##~~~~≈≈≈ ≈≈≈≈≈~~P~~~~~~.......###.#..~~≈≈≈
≈≈≈≈≈~~~~~~P~~...~...P..##..~~~≈≈ ≈≈≈≈≈≈≈~~P~~.~~.~.~...P##~...~~≈≈
≈≈≈≈≈≈≈PP~~~~≈≈≈@≈≈...###~~..~~≈≈ ≈≈≈≈≈≈≈~P~~~~≈≈≈≈≈≈~..###~~~.~~~≈
≈≈≈≈≈≈≈~~PP~P≈≈≈≈≈≈..###~~~~~~~≈≈ ~~≈≈≈≈≈≈≈~P~~≈≈≈≈≈≈~####.~~~≈≈≈≈≈
~~~≈≈≈≈≈≈≈≈≈~≈≈≈≈≈≈##...~~~~~≈≈≈≈ ~~~≈≈≈≈≈≈≈≈~~~≈≈≈≈≈≈...~~~~~~~~~~
~~≈≈≈≈≈≈≈≈≈≈~~~≈≈≈≈....~~~~~~~~~~ ~≈≈≈≈≈≈≈≈≈≈≈~~~.#.......~~~~~~..~
≈≈≈≈≈≈≈≈≈≈≈≈≈~~~.~~~......~~~~..~ Turn 29792 on Shoals:1: Shoals:1 has no items
remaining. .......~..~~~....~~~~~≈≈≈≈≈≈≈≈≈≈≈ ##....~~~..~~...~~.~~~≈≈≈≈≈≈≈≈≈≈≈
##........~~...###...~~≈≈≈≈≈≈≈≈≈≈ .##.~...#..~...####..~~~≈≈≈≈≈....
....~~....~~~...###..~~~≈≈≈≈~.##. ~~~..~~~~~~~~........~~~≈≈≈≈..###
~~~~~~~~~~~~~~........~~~~~~..# # ~~~~~~~~~≈≈≈~~~............~.##
.....~~≈≈≈≈~~...@.~.....###### ....~~~~~~≈~~..~.~~...###
###.~~~~~~~~~......#...# # ###...~~..~~~......##.## #
##....#...............####### # ......##...............##...#
..#...............~~~.......## .###.~....#.......~~~~~~~~~..# .#
#......#.......~~~~~~~~~~.# ## Turn 31104 on Shoals:1: Southeastern uphatch on
Shoals:2 leads to center of Shoals:1 nearby entrance. #$...=..~... #.......~..
#......~.. #......~.# . #[...).~.# .∩~ #......~~#~m~~ #......~~m#~~~
#.....@~~~~# #.....m~~m~~~~ $ #.....~~~~~~~~ #.....~~~~~≈≈≈~ #....~~~~≈≈≈≈≈~
..~~m~~~≈≈≈≈≈≈~ ..~~~c≈~~~≈≈≈≈≈ ..~~~≈≈≈~≈≈≈~~~ Turn 31145 on Shoals:3: Nope!
#≈≈≈≈≈~~~~~~~~~~~~ #≈≈≈≈≈~~~~~~.......~~~~ #≈≈≈≈≈~~~~~~.........~~.
#≈≈≈≈~~~~.<...##.....~... #≈≈≈≈≈~~~~...#...~~...... #≈≈≈≈≈≈≈≈≈~~~............
#≈≈≈≈~~~≈≈≈~~~......~~..~ #≈≈≈≈~~~≈≈~§§...$#.....~~ #≈≈≈≈~~~≈~~~☼°..@.......~
#≈≈≈≈≈≈≈~~~.○......[...~~ #≈≈≈≈≈≈~~..~~....°.....~~~~~~~~~
#≈≈≈≈≈≈≈~~~~~~§☼§.###...~~~~~~~~ #≈≈≈≈≈≈≈≈≈≈~~~§○☼.###...~~~~~~~~
#≈≈≈≈≈≈≈≈≈~~~c○.§........~~~~~~.. #≈≈≈≈≈≈≈≈≈~~~..######...~~~~~~$.
#≈≈≈≈≈≈≈≈~~c...# ##.~~m~~~~H~c# #≈≈≈≈≈≈≈≈~~...## ##.~~~~~~~.~.# Turn 31702 on
Shoals:3: Jorgrun did petrify me, but I didn't die somehow.
≈≈~~~~.######...~~..~~......~~~~~ ≈~~~...# ##...~~~~.~..###......^ ≈~~...##
##..~~..~~...## #....... ≈~~~..# ##...~~.<...~.## #.......
≈~~~~.###........#.....# #.....~~ ≈≈~~~.....~~~...###.....##.....~~
≈≈≈~~.~..~~~~~~................~~ ≈≈≈≈~~~~.~~~~~~~>........#.....~~
≈≈≈≈≈~~~~~~~~~~.@......###.....~~ ≈≈≈≈≈≈~~~~~~~~~~~......# #.....<~
≈≈≈≈≈≈≈~~~~~~~~~~~~..### #.....§. ≈≈≈≈≈≈≈≈≈~~~~~~~~~~.## #......~
≈≈≈≈≈≈≈≈≈~~~~~~~.~~.## #.......§ ≈≈≈≈≈≈≈≈~~...~~...~..# #......~~
≈≈≈≈≈≈≈≈~.###..###.... ......~~~≈ ≈≈≈≈≈≈≈~~..##..###..#......~~~≈~~
≈≈≈≈≈≈≈~~.......#...... ..~~~≈≈≈~ Turn 32194 on Shoals:3: Staff of poison
≈≈≈≈≈≈≈≈~~~~~..~~~~~~~~~..P# #. ≈≈≈≈≈≈≈≈≈≈≈≈~~.~~≈≈≈≈≈≈~..## #.
≈≈≈≈≈≈≈≈≈≈≈≈≈≈≈≈≈≈≈≈≈≈≈~.## #. ≈≈≈≈≈≈≈≈≈≈≈≈≈≈≈≈≈≈≈≈≈≈P~.# ##.
~~≈≈≈≈≈≈≈≈≈≈≈≈≈≈≈≈≈≈≈≈~~.## ###.. ~~~≈≈≈≈≈≈≈≈≈≈≈≈≈≈≈≈≈~~~~~.###...~
~~~~~~~≈≈≈≈≈≈≈≈≈≈≈~~~~~~~~~...~~~ ~~~~~~~~~~≈≈≈≈≈≈~~~~~..~~~~~≈≈≈~~
~~~~~~~~~~~≈≈≈≈≈@~~~~...~~~~≈≈~~~ ....~..~~~~~~≈~~~~~......~~~≈≈~~~
..........~~~~~~~~........~~~≈~~~ ..##...#..~~~~~~~.......#.~~~≈~~~
..###.##..$~~~~~........#.~~≈≈≈≈~ ..# #.##..~~~~~.........#.~~≈≈≈≈~
..###.....~~..............~~≈≈≈≈≈ .....~~~~~~.##'##.....^..~~~≈≈≈≈≈
~~...~~~~~.##.. ##......~~~~≈≈≈≈≈ Turn 34283 on Shoals:4: I'm glad that didn't
fall into the deep water. ..#.~~≈≈≈≈~.....~≈≈≈≈≈≈≈≈# ....~~≈≈≈≈≈≈≈≈≈≈≈≈≈≈≈≈≈≈≈#
^..~~~≈≈≈≈≈≈≈≈≈≈≈≈≈≈≈≈≈≈≈# ..~~~~≈≈≈≈≈≈≈≈≈≈≈≈≈≈≈≈≈≈≈# .~~~~≈≈≈≈≈≈≈≈≈≈≈≈≈≈≈≈≈≈≈≈#
.~~~≈≈≈≈≈≈≈~~~~~~≈≈≈≈≈≈≈≈# ~~~~≈≈≈≈≈≈~~~..~~~≈≈≈≈≈≈≈# ~~~≈≈≈≈≈~~~.....~~≈≈≈≈≈≈≈#
~~≈≈≈≈≈≈~~......@~~≈≈≈≈≈≈# ~≈≈≈≈≈≈~~.....##+##≈≈≈≈≈≈# ≈≈~~~~~m~....##...##≈≈≈≈≈#
≈≈~~~~~~~....#....t#≈≈≈≈≈# ~~~~~~~~~~..~#.....#≈≈≈≈≈# ~~....~~~~~~~#.....#≈≈≈≈≈#
~......~~~~..##...##≈≈≈≈≈# ..........~..~#####≈≈≈≈≈≈# .P..P.........~~~≈≈≈≈≈≈≈≈#
Turn 34422 on Shoals:4: Eastern little chamber maybe has alligator snapping
turtle spawning in it. Be cautious. m #....P.......~~~~~~~~≈≈≈ ≈
#..P.........~~~~~~~~≈≈≈ # #.........##..~~~~~~~≈≈≈ ≈ ##............~~~~~~~~≈≈≈
#'##.........~.~~~~~~~~≈≈≈≈≈ ~~~~..P..#####~~~~~~~≈≈≈≈≈≈≈
.##'##..##~~~##~~~≈≈≈≈≈≈≈≈≈≈ . ##.#~~~~~#≈≈≈≈≈≈≈≈≈≈≈≈≈ #~'~~@~~#≈≈≈≈≈≈≈≈≈≈≈≈≈ #
#~#~~~~~#≈≈≈≈≈≈≈≈≈≈≈≈≈ #~ #~##~~~##≈≈≈≈≈≈≈≈≈≈≈≈≈ #~ ##≈≈#####≈≈≈≈≈≈≈≈≈≈≈≈≈≈
~~~##~##≈≈≈≈≈≈≈≈≈≈≈≈≈≈≈≈≈≈≈≈≈≈ ≈≈~~≈t≈≈≈≈≈≈≈≈≈≈≈≈≈≈≈≈≈≈≈≈≈≈≈≈
≈≈≈≈≈≈≈≈≈≈≈≈≈≈≈≈≈≈≈≈≈≈≈≈≈≈≈≈≈≈ ≈≈≈≈≈≈≈≈≈≈≈≈≈≈≈≈≈≈≈≈≈≈≈≈≈≈≈≈≈≈
≈≈≈≈≈≈≈≈≈≈≈≈≈≈≈≈≈≈≈≈≈≈≈≈≈≈≈≈≈≈ Turn 34517 on Shoals:4: Southeasternmost little
chamber has staff of air. Occupied by cyclops, merfolk, etc.
#≈≈≈≈≈≈≈≈≈≈~~~~~~~~...~~~~~~.. #≈≈≈≈≈≈≈≈≈≈~~~~~~~~...~~~~~~~.
#≈≈≈≈≈≈≈≈≈≈≈~~~~~~.......~~~~~ #≈≈≈≈≈≈≈≈≈≈≈~~~~~~........~~~~
#≈≈≈≈≈≈≈≈≈≈≈~~~~~~.........~~~ #≈≈≈≈≈≈≈≈≈≈#####~..........~~~
#≈≈≈≈≈≈≈≈≈##~~~##..........~~~ #≈≈≈≈≈≈≈≈≈#~~~~~#~.........~~~
#≈≈≈≈≈≈≈≈≈#~~@~~'~~~~~....~~~≈ #≈≈≈≈≈≈≈≈≈#~~~~~#~~~~~~~~~~~≈≈
#≈≈≈≈≈≈≈≈≈##~~~##~~~~~~~~~~~≈≈ #≈≈≈≈≈≈≈≈≈≈#####≈≈~~~~~~~~~~≈≈
#≈≈≈≈≈≈≈≈≈≈≈≈≈≈≈≈≈≈≈≈≈≈≈≈~~≈≈≈ #≈≈≈≈≈≈≈≈≈≈≈≈≈≈≈≈≈≈≈≈≈≈≈≈≈≈≈≈≈
#≈≈≈≈≈≈≈≈≈≈≈≈≈≈≈≈≈≈≈≈≈≈≈≈≈≈≈≈≈ #≈≈≈≈≈≈≈≈≈≈≈≈≈≈≈≈≈≈≈≈≈≈≈≈≈≈≈≈≈
#≈≈≈≈≈≈≈≈≈≈≈≈≈≈≈≈≈≈≈≈≈≈≈≈≈≈≈≈≈ Turn 34696 on Shoals:4: The rune is in the
southwest. Only one chamber over here. Occupants unknown.
#≈≈≈≈≈≈≈≈≈≈≈≈≈≈~~~...~~~...~~~ #≈≈≈≈≈≈≈≈≈≈≈≈≈~~..~.......~~~~
#≈≈≈≈≈≈≈≈≈≈≈≈≈~~.........~~~~~ #≈≈≈≈≈≈≈≈≈≈≈≈≈~~.....##.....~~
#≈≈≈≈≈≈≈≈≈≈≈≈≈~~..~..#..#....~ #≈≈≈≈≈≈≈≈≈≈≈≈≈~~.#####.....~~~
#≈≈≈≈≈≈≈≈≈≈≈≈≈~~##...##~...... #≈≈≈≈≈≈≈≈≈~~~~~.#.....#.......
#≈≈≈≈≈≈≈~~~~~@~.#.....#....... #≈≈≈≈≈≈~~~...~~.#.....#~~~~~.#
#≈≈≈≈≈~~~.......##...##~~.~~## #≈≈≈≈≈~~.........##+##....~.<#
#≈≈≈≈≈~...#....~~...........## #≈≈≈≈≈~...#...~~~~~~~~~~....##
#≈≈≈≈≈~.....~≈≈~~~~~~~~~....## #≈≈≈≈≈~~...~≈≈~...~~~~...~≈≈~.
#≈≈≈≈≈~~...~~.....<......≈≈≈≈. Turn 34756 on Shoals:4: Coun is in a little
chamber north of the uphatch. Occupants unknown.
~~~~....###.............~..~~~~≈≈ ..~....## #................~~~≈≈≈ .<.....##
#.......~..###.~~~~~≈≈≈ ..#.....###......~..#...#.~~~~≈≈≈
.###.....##......~.#.....#..~~~≈≈ .................~.#..∩..#~.~.~≈≈
~>........#........#...~.#~~~~~≈≈ ~.......###.........#...#~...~~≈≈ ~~......#
#.....@.~..###~.....~.. ~~~~..### #......~~~~~~~......... ~~~~.##
##......~~~~~~~........~ ~.~~.## #......~~~~≈≈≈~..#####.~
...~..####.....~~~≈≈≈≈≈~..#.###.. ###..........~~~~≈≈≈≈≈≈~~...##...
###..#.....~~~~≈~~~≈≈≈≈≈~~......~ .#.........~~~≈≈≈~≈≈≈~~~~~......~
...........~~~....≈≈≈~~~...~~...~ Turn 35212 on Shoals:3: Gidwepat is the only
living thing left here. ## #......##...~~~..~~~~~≈ #######
##......#..~~~~..~~~~~~ .##...# #.........~~~~.~~~~~~~ ......##
#....#....~~~~.......~ ~~~~~..# #..#####..~~~~..###... ~~~~~~.# ###..#
##.~~~~~~.##..~~ ..~~~~.###....####..~~~~~.....~~~
##.~~~~....P...##...~~~~......~~~ #.~~~~~P~~P~...@..~~~~~~.....~~~
##.~P~~~~~P~~......~~~~~~~....~~~ ..~~~~≈P~~~PP.P~~~~~~~~~~.###.~~~
~~~~~≈≈≈≈≈≈~~~~~P~~~~~~~~.#...~~~ ~~~~~≈≈≈≈≈≈≈~P~~~~~≈≈~~~~......~~
≈~~≈≈≈≈≈≈≈≈≈≈≈≈≈≈≈≈≈≈~~~~.~.##..~ ~≈≈≈≈≈≈≈≈≈≈≈≈≈≈≈≈≈≈≈≈≈≈~~~~.##..~
~≈≈≈≈≈≈≈≈≈≈≈≈≈≈≈≈≈≈≈≈≈≈≈~~~.....~ ~≈≈≈≈≈≈≈≈≈≈≈≈≈≈≈≈≈≈≈≈≈≈≈≈~~~..~~~ Turn 35225
on Shoals:1: Well, aside from the plants, of course. :P ###....##........#
##.....####.....# ###.....####...# ##....)..###.#### . #.........#...#.### ..
#..................##... #.##.......#............ .# ######.###.......# # ###
##..@...# #......# #......# ######## Turn 37203 on Snake:1: Book of Alchemy in
southeast. ### ..# ..### ######## ....# #......# ...## #......# ...# ##..#...#
...# ####...##..# .. ..... #..)...##(.# .. ...... #....))##@.# .#
...#####..##..######.# #######...##...####..## #......=.......#...#
#......)..).....##.## #..#####).)##...#...# #...#####).##..)....##
####......##............# #.##......##............# Turn 40988 on Snake:3: Young
Poisoner's Handbook ##...#####~.≈≈### #.#.#.#≈≈≈~.~~~.## # ##...##≈≈≈~......#
####.#.#≈≈≈)..~≈~~.# .##....##≈~.~~≈≈≈~.## .##.....##~.≈≈≈≈)~..#
..#......##.~≈≈~~..~# ~)'.....~~#.~~~...~≈# ))#.....~≈#.....@.≈≈#
~)'.....~≈#.~~~...~≈# ..#.(....##.~≈≈~~..≈# .##.....##~.~≈≈≈~~..#
.##....##≈~.~≈≈≈~~.## ####.#.# ≈~...~~~~.# # ##...##≈≈~~......#
#.#.#.#≈≈≈~.~≈~.## ##...## Turn 43010 on Snake:4: The endvault is on the eastern
side of the floor. Lots of water pools. ########## #|.|..#..###
#W~~~~+@[..############# #[....#..#.............. ######################## Turn
43246 on Snake:4: Seems like the endvault and this ghost vault are only
accessible though one staircase. Strange. #...# #...# ##...#
###############'.#.## ........#......#..... ........'......#...#.
#+######..#....#.#..... #§§§.#$#..####...####'# #$§§.'@#..# #.......##
#))..#(#..# #....#..# #'######..# #.......# #)........# #####...# #.........#
#...# ########### #...# ##+### #.... #.... Turn 48664 on Vaults:1: Book of Ice #
#.......#.......# # #.#.#.#.#.......# # #.......'.......# # #.......######### #
#.#.#.#.# # #.......# #############[######## .....................#
...............[@[...# .....................# .............[.......#
.....................# .....................# .....................#
...............[.....# .....................# ....................)# Turn 50439
on Vaults:1: Uphatch on Vaults:2 leads to south of Vaults entrance/exit. ### .#
####..#..# ####..#....# ####..#....#..# #+##..#....#....# #..#....#....#
######....#....#@.# ...##..#....#..#### ...##....#..##+# #..#..#..##+#
#..'..#### #..#### ...# ...# #..# Turn 50687 on Vaults:2: lajatang in southeast
e#.. ## ...#e...# .#####.. ..#... # #.#.# .# ###...######.####
##.##.##.........# ##.#.#.##.........# ##.###......@.......
##.#...#(.#.........# #.##...##.#######...# ##.#...#.### #.. ##.###.# # ##..####
# ###...# ###...#.+ .##.#...# $ Turn 58190 on Elf:1: Book of the Wilderness
#....# #.).=# #.[..# ##''## #..# #..# ##..## #....# #.∩@.# #....# ###### Turn
59900 on Trove: #worth ######### ........# ........# #####
.......##########T..R# #.)....'........@....# '......'.......[#....#
##.....##########L.X.# .##[[.## ##+## ..##..# ~..##.# ≈≈. ### .≈~ ..~ Turn 64431
on Depths:2: FIRST LICH SIGHTED in the east. ..............)......#.#.### #
#######..............'...# # ~~#####...........>..#.#.# #
~~#####..............#.#... # ~~#####..............#'######## #
~~#####.......................# # #######.............[.........# #
..............................# # .......[@.............###
#########+###.........'.. #........[### #.........# # #.........# # #.........#
+.........# #.........# #.........# Turn 66183 on Depths:3: Gold dragon scales
just laying there in the southwest. #######.# #........ #@# .#. #.# .. #.# . #.#
... #.# #.# #.# #.# #.###. ##. #.. .... . #####.# ### Turn 66796 on Abyss:1:
"Kneel, thou ducking milk-livered simpleton!" . ..### # .# # .#.# # # # # #.## .
. .## # # . ## .# #. #.##. . #..#..# # . #.$@# #. ##A$..# . # #$#....#
#$##.#...## ..# ....#>.#. ### ##.#..... . . .##.. # _.## #. Turn 67778 on
Abyss:1: Hot damn, this angel is beating me ass. .... ...# #...## ##.....##
#.......# #.......# ####.......# #...@..≈..∩. #.^....≈§§≈.. .4......≈§§§≈..
.......§≈§&≈§≈. .......≈≈≈§≈§.. ≈##.....≈≈≈≈≈.. ##...∩.§≈..∩. ####.......# Turn
69277 on Hell: Whoops. .............#.....##........#
8...8..8..8..#.....##........# .............#.....##.?......#
8...8..8..8..##'''###........# .............#.....##........#
8...8.....8..#.....##........# ......###...##..)()##...<....#
#'''#######+#########........# .........#.....#@..###########
.......8.'..8..#...# ##'###...#.....#...# .....#######'####'##
......).:#.........# .......?|#..8...8..# ......).[#.........#
#################### Turn 81503 on Crypt:3: Easiest Crypt:3 ever.
#...≈≈....###########***********# ...≈≈....##..........,,,,,,,,,,,,
..≈≈....##...⌠.......,,,,,,,,,⌠,, .≈≈....##..........≈≈~~~~,,,,,,,,
≈≈....##......≈≈≈≈≈~~~~~~~~~~~,,, ≈≈...##.....≈≈≈~~~~~~~~~~~~~~~~~,
≈≈..##....≈≈≈≈~####*~~~~*****~~~~ ≈≈.##....≈≈≈≈~##)=###~~***$$**~~~
≈≈.##...≈≈≈≈≈~#"@|'.#***,+$$$*~~~ ≈≈.##...≈≈≈≈≈~#...#'##**+*$$$*~~~
≈≈..#..≈≈≈≈≈≈~#####..#*,,*****~~~ ≈≈≈.#.≈≈≈≈≈≈≈~'...'..#*,,+,,,+~~~
≈≈≈.#.≈≈≈≈≈≈≈~'...'..#*,,+,,,+~~~ ≈≈≈.#.≈≈≈≈≈≈≈≈#####..#*,,*****~~~
≈≈..#..≈≈≈≈≈≈≈#$$$#'##**+*,,,*~~~ ≈≈.##...≈≈≈≈≈≈#$$$..####,+,$,*~~~
≈≈.##...≈≈≈≈≈≈##$$###≈≈#**$$**~~~ Turn 106107 on Coc:7: Manual of earth magic
################## #................. #.#.#.#.#.#.#.#..# #.................
#.#.#####'######## #...##...... /. #### ###Z#.'..#####. .W ##..## ##.#@..#. . .
#....# #..#.#.# #.##.# ##.##...# #.##.# #..##.#.# #.##.# ##.###...# ##.##.###..#
#.# # #..##..##..# #.. #.####.#..## #.# #.# #.#..# #.. Turn 110712 on Pan:
Random teleport mutation saved me. :) ......(..................##
..#..#....................## ..#..#.....................####
..#..#........................# ..####............#######.>...##
..#..#...........##~~~~~##.....## ###..#...........#~~~~~~~#......#
..#..#...........#~~...~~#....... ..#.^........[.?@#~~._.~~#.......
..#..............#~~...~~#....... .....##..........#~~~.~~~#.......
.....##.#......))##~~.~~###.....# ..#.....#.........###'### ##....#
....#####.........###.#### #..##. ##### #..............##.####.##.
#.^..................).... ####..∩........#.#.#.#.#.. Turn 112531 on Depths:2:
ROBE OF NIGHT%

Levels and vault maps discovered:
D:1:      roderic_chinese_lattice_arrival, layout_basic,
          ebering_ecumenical_altar_hall, nicolae_shop_vocational
D:2:      layout_basic, serial_shops, shop, serial_bayou_pond_c
D:3:      layout_basic, uniq_grinder, uniq_sigmund
D:4:      layout_basic, nicolae_yredelemnul_ghost_church,
          chequers_temple_overflow_statue_of_worship, pf_just_have_faith,
          mainiacjoe_overflow_alcove_4, temple_pool_b, minmay_puff,
          uniq_eustachio, uniq_robin, uniq_edmund, uniq_natasha
D:5:      layout_basic, elyvilon_altar_3, lightli_sewer_entry_pipes
D:6:      nicolae_BIG_FREAKIN_CUBE, layout_basic, gammafunk_ghost_nasty_kobolds,
          uniq_duvessa, uniq_menkaure
D:7:      layout_loops_corners, old_standard_altar,
          mainiacjoe_overflow_concentric_impassable
D:8:      lemuel_bear_cage, layout_basic, lemuel_doored_altar
D:9:      minmay_the_grid_triangle_9x9_recursive_2_mashed
          [minmay_the_grid_triangle_9x9_prize_top_heavy,
          minmay_the_grid_triangle_9x9_flanged_cone,
          minmay_the_grid_triangle_9x9_skeleton,
          minmay_the_grid_triangle_9x9_stretched_checkered], layout_basic,
          lemuel_coloured_pillars_altar, mainiacjoe_overflow_surrounded_room,
          worms_lemuel, uniq_grum
D:10:     layout_loops_corners, worldfamousw_hep_ancestral_shrine,
          mainiacjoe_overflow_paths, orc_0_dummy, enter_bailey_2, uniq_maggie,
          uniq_maurice, uniq_urug
D:11:     layout_basic, serial_shops, nicolae_shop_tiny_glass,
          nicolae_shop_tiny_real_fake_doors, nicolae_shop_rolling_square,
          nicolae_shop_clearance, uniq_josephine
D:12:     layout_basic, portal_ice_cave_entry_pillars_1
D:13:     layout_loops_ring, david_vaults_2, uniq_erolcha
D:14:     kennysheep_bubbly, layout_long_grid, good_gods_temple_1
D:15:     grunt_enter_depths_magical_seal, layout_basic, gammafunk_ghost_ooze,
          hangedman_decor_lopped
Temple:   compressed_dpeg_triangle_lava_temple
Lair:1:   layout_cave_pods, uniq_nergalle
Lair:2:   layout_roguey, minmay_shoals_entry_lonely_mermaid, nzn_ghost_randoct,
          infiniplex_staircase_pool, uniq_gastronok
Lair:3:   layout_roguey, minmay_snake_entry_guardpost_medium, kennysheep_rathole
Lair:4:   layout_roguey
Lair:5:   hangedman_lair_tendril_chambers, layout_cave_pods,
          minmay_slime_entry_jelly_boxes, serial_bayou_pond_b, uniq_kirke
Shoals:1: layout_shoals, nicolae_shoals_dead_sea_scrolls
Shoals:2: layout_shoals, uniq_frances, uniq_polyphemus
Shoals:3: layout_shoals, nicolae_shop_unique_rings, uniq_ilsuiw, uniq_jorgrun,
          uniq_roxanne
Shoals:4: shoals_end_simple, layout_shoals, shoal_ilsuiw
Snake:1:  layout_chambers, grunt_megastairs_2
Snake:2:  layout_onion, basic_altar
Snake:3:  layout_cave_shapes, nicolae_snake_yet_another_twisty_hallway,
          grunt_ministairs_13, nicolae_snake_storage_room
Snake:4:  grunt_snake_rune_pools, layout_onion_interference,
          ebering_ghost_reflecting_pool
Slime:1:  layout_caves
Slime:2:  layout_caves
Slime:3:  layout_caves
Slime:4:  layout_caves
Slime:5
Orc:1:    layout_caves, serial_shops, shop, nicolae_shop_firing_range
Orc:2:    st_orc_pillars, layout_caves, serial_shops, shop, shop, shop,
          nicolae_shop_tiny_waterfront, basic_altar, nicolae_orc_lost_temple,
          uniq_saint_roka, uniq_snorg
Elf:1:    nicolae_elf_arrival_fired_up, layout_loops_cross,
          gammafunk_ghost_grave, hangedman_elven_crosses_minicolossus
Elf:2:    elven_hall_of_blades_hangedman_alternative
          [nicolae_vaults_blade_armed_guards], layout_gridlike, enter_trove_0,
          basic_altar, serial_shops, shop, shop, shop, nicolae_shop_stone,
          nicolae_shop_industrial_runoff
Elf:3:    grunt_elf_hall_asides, layout_geoelf_diagonals, serial_shops,
          nicolae_shop_stone, st_stairs_1
Vaults:1: vaults_dpeg_doors, nicolae_vaults_steering_wheel,
          hangedman_vaults_variations, nicolae_vaults_tangram_2,
          ontoclasm_vaults_hangar, nicolae_vaults_variable_pillar_hall,
          nicolae_vaults_display_case, grunt_vaults_swirl,
          nicolae_vaults_trapezoid_1, vaults_dpeg_hooks,
          nicolae_vaults_double_plus_1, layout_vaults_omnicross
Vaults:2: hangedman_vaults_corner, sword_in_stone,
          nicolae_vaults_storage_closets_3, nicolae_vaults_house_2,
          nicolae_vaults_apartment_2, nicolae_vaults_asterisk,
          minmay_crypt_entry_nasty_monster, dpeg_vaults_monster_box, v_misc_4,
          nicolae_vaults_offset_grid_hallway_2, v_misc_2, v_misc_22, v_misc_3,
          nicolae_vaults_trapezoid_lopsided_3, nicolae_vaults_trapezoid_2,
          nicolae_vaults_offset_grid_hallway_4, layout_vaults_omnibox
Vaults:3: nicolae_vaults_little_ls, nicolae_vaults_mitosis,
          vaults_room_door_hall, ontoclasm_vaults_ring_square, v_alt_pattern_5,
          v_misc_13, v_misc_13, v_alt_pattern_6, vaults_room_fours,
          nicolae_vaults_trapezoid_lopsided_3, layout_vaults_big_room
Vaults:4: nicolae_vaults_taking_the_gang_shopping,
          nicolae_vaults_trapezoid_lopsided_1, v_rooms_1,
          nicolae_vaults_specimen_jars, nicolae_vaults_what_the_h,
          nicolae_vaults_trapezoid_1, nicolae_vaults_trapezoid_1, v_misc_9,
          nicolae_vaults_little_squares_4, v_misc_17,
          nicolae_vaults_little_squares_3, vaults_room_mumra_shop_pool,
          nicolae_vaults_little_squares_6, nicolae_vaults_tetromino_Z_1,
          layout_vaults_ring
Vaults:5: serial_shops, uniq_frederick, uniq_xtahua, uniq_margery
Crypt:1:  layout_gridlike, feat_on_display
Crypt:2:  layout_chaotic_city
Crypt:3:  due_elkab, layout_chaotic_city, fountainhead
Depths:1: layout_honeycomb, pf_dread_powers_of_hell,
          nicolae_figureground_sparkle, serial_sigils_hangedman_gnaw,
          minmay_shattered_shrine, uniq_nikola
Depths:2: nooodl_heptagram, layout_cave_shapes,
          hangedman_abyss_or_decor_stagger, abyss_entry, rand_demon_pan_entry_3,
          hell_entry, led_sif_pool, uniq_grunn
Depths:3: minmay_angry_zag, layout_gridlike, nicolae_vehumet_altar_sigil,
          abyss_entry, grunt_metal_band, infiniplex_staircase_river,
          kennysheep_random_hallway
Depths:4: evilmike_zot_entry_argh, layout_honeycomb, enter_ziggurat_d,
          hell_entry, pan_entry, abyss_entry_crystal, grunt_decor_junction,
          uniq_enchantress
Hell
Geh:1:    layout_gehenna_pools_basic
Geh:2:    layout_gehenna_pools_box
Geh:3:    layout_gehenna_pools_triple
Geh:4:    layout_gehenna_pools_triple, nicolae_hells_seeping_fissure
Geh:5:    layout_gehenna_pools_triple
Geh:6:    layout_gehenna_pools_box, nicolae_geh_liches_on_tour
Coc:1:    layout_cocytus_delve, nicolae_coc_melting_block
Coc:2:    layout_ice_bergs
Coc:3:    layout_ice_bergs
Coc:4:    layout_cocytus_delve
Coc:5:    layout_cocytus_water_paths
Coc:6:    layout_ice_bergs
Coc:7:    coc_old
Zot:1:    cheibrodos_zot_enchanting_chambers, layout_cellular_growth,
          uniq_josephina, uniq_vv
Zot:2:    dreamdust_zin_vs_xom, layout_gridlike
Zot:3:    layout_gridlike
Zot:4:    layout_basic, hangedman_player_shredder
Zot:5:    layout_basic

Skill      XL: |  1  2  3  4  5  6  7  8  9 10 11 12 13 14 15 16 17 18 19 20 21 22 23 24 25 26 27 |
---------------+----------------------------------------------------------------------------------+-----
Air Magic      | 5 6 7 8 11 15 16 18 19 22 24 26 27 | 27.0
Stealth        | 3 4 6 8 9 11 12 | 12.0
Staves         | 1 3 4 5 6 7 |  7.0
Spellcasting   | 3 4 7 9 11 13 14 16 18 19 21 22 24 27 | 27.0
Fighting       | 1 2 3 4 5 6 7 8 9 10 11 13 15 23 | 23.3
Evocations     | 3 7 9 11 12 | 12.4
Fire Magic     | 1 4 5 6 7 8 9 10 11 12 | 12.0
Conjurations   | 3 4 5 13 19 27 | 27.0
Dodging        | 3 6 7 8 9 11 12 | 12.0
Ice Magic      | 1 4 5 |  5.0
Armour         | 3 4 5 6 7 9 10 11 | 11.3
Shields        | 4 8 11 14 15 27 | 27.0
Earth Magic    | 5 |  5.0
Transmutations | 1 |  1.0
Translocations | |  0.3

Action                     |  1- 3 |  4- 6 |  7- 9 | 10-12 | 13-15 | 16-18 | 19-21 | 22-24 | 25-27 || total
---------------------------+-------+-------+-------+-------+-------+-------+-------+-------+-------++-------
  Melee: Short sword       |    12 |       |       |       |       |       |       |       |       ||    12
         Kick              |    12 |    21 |    67 |    95 |   253 |    93 |   253 |   390 |  1907 ||  3091
         Staff             |    37 |    65 |   178 |   231 |   566 |   215 |   538 |   921 |  3422 ||  6173
         Peck              |     9 |    12 |    37 |    58 |   158 |    58 |   155 |   269 |  1227 ||  1983
         Punch             |     1 |     1 |     1 |     2 |    17 |     3 |    10 |       |       ||    35
         Unarmed           |       |       |       |     6 |       |       |       |       |       ||     6
  Throw: Throwing net      |       |       |       |       |     1 |       |       |       |       ||     1
   Cast: Shock             |    38 |    48 |    88 |    50 |   129 |    19 |   130 |    21 |   129 ||   652
         Static Discharge  |     5 |     7 |    38 |    36 |    99 |    48 |     2 |     1 |     4 ||   240
         Airstrike         |       |     2 |    27 |    84 |   187 |   205 |   176 |   255 |   813 ||  1749
         Mephitic Cloud    |       |       |     2 |    43 |    17 |    12 |    45 |    18 |    23 ||   160
         Poisonous Vapours |       |       |       |   102 |   108 |   242 |   160 |   167 |   321 ||  1100
         Freezing Cloud    |       |       |       |     4 |    22 |    30 |    19 |     5 |     8 ||    88
         Plasma Beam       |       |       |       |       |    19 |    43 |    70 |    74 |   182 ||   388
         Ignite Poison     |       |       |       |       |    18 |   184 |   107 |   145 |   192 ||   646
         Passwall          |       |       |       |       |     1 |     4 |     8 |    12 |    29 ||    54
         Swiftness         |       |       |       |       |     1 |     3 |     1 |     2 |     5 ||    12
         Arcjolt           |       |       |       |       |       |     7 |    50 |    76 |   235 ||   368
         Olgreb's Toxic Ra |       |       |       |       |       |       |    11 |    28 |    13 ||    52
         Apportation       |       |       |       |       |       |       |       |       |    43 ||    43
         Iron Shot         |       |       |       |       |       |       |       |       |   266 ||   266
         Chain Lightning   |       |       |       |       |       |       |       |       |   115 ||   115
         Lehudib's Crystal |       |       |       |       |       |       |       |       |    50 ||    50
 Invoke: Potion Petition   |       |       |       |       |       |     2 |     3 |     9 |    34 ||    48
         Call Merchant     |       |       |       |       |       |       |       |       |     7 ||     7
  Evoke: Wand              |       |       |       |     4 |     3 |    10 |     6 |     7 |    82 ||   112
         Lightning rod     |       |       |       |       |       |       |     4 |       |     4 ||     8
         Phial of floods   |       |       |       |       |       |       |       |     2 |     3 ||     5
         Box of beasts     |       |       |       |       |       |       |       |       |     2 ||     2
         Phantom mirror    |       |       |       |       |       |       |       |       |     1 ||     1
    Use: Scroll            |     4 |     7 |     7 |    13 |    17 |     6 |    13 |    13 |    43 ||   123
         Potion            |       |       |     1 |     3 |     7 |     8 |     5 |    20 |    50 ||    94
   Stab: Distracted        |     1 |       |     1 |     1 |     3 |     2 |     9 |     7 |    33 ||    57
         Sleeping          |     6 |     3 |    11 |     1 |     3 |     1 |     2 |     8 |    15 ||    50
         Confused          |       |       |       |     7 |     4 |     1 |     3 |       |     1 ||    16
         Invisible         |       |       |       |       |       |     1 |     2 |       |     2 ||     5
 Armour: Robe              |    12 |    16 |    43 |    38 |   106 |    56 |     7 |       |    11 ||   289
         Skin              |       |       |       |       |    10 |       |       |       |       ||    10
         Troll leather arm |       |       |       |       |       |       |   117 |   259 |   880 ||  1256
  Dodge: Dodged            |    36 |    80 |   149 |   314 |   661 |   536 |   712 |   735 |  2370 ||  5593
         Repelled          |       |       |       |       |     6 |    31 |    17 |    29 |   119 ||   202
  Block: Other             |       |       |       |    57 |    20 |       |       |       |       ||    77
         Reflection        |       |       |       |     8 |       |       |       |       |    54 ||    62
         Kite shield       |       |       |       |       |       |       |    68 |   812 |  2525 ||  3405
         Tower shield      |       |       |       |       |       |       |       |       |  1544 ||  1544
